Cogmind - Beta 15 @@@ ROGUE MODE // 2025.06.22 @ 14:58:28 Player: Cogchaaaan Result: Destroyed by C-57 Dissector with Dual-blade Saw Performance ------------- Evolutions (9) 4500 Regions Visited (30) 6000 Robots Destroyed (277) 1385 Value Destroyed (15715) 15715 Prototype IDs (192) 3840 Alien Tech Used (7) 1400 Bonus (43505) 43505 TOTAL SCORE: 76345 Bonus ------- Triggered High Security 500 High Alert Combat Kills 9213 Follower Combat Kills 1360 Registered with UFD 300 Met Optimus in HQ 500 Met Imprinter 300 Met Zhirov 300 Met Warlord at Base 500 MAIN.C Attacked Warlord 500 Warlord Defense Kills 254 Used Core Reset Matrix 3000 Scanned by Researcher 500 Destroyed Superfortress 15000 Met Optimus at Protoforge 1000 Destroyed MAIN.C Guards 500 Met MAIN.C 5000 Destroyed MAIN.C Shell 5000 Friendly Fire -222 Cogmind --------- Core Integrity 0/1600 Matter 117/300 Energy 100/100 System Corruption 9% Temperature Cool (0) Movement Core (50) Location -1/Command Parts ------- > --- POWER (3) -------- (None) > --- PROPULSION (7) --- (None) > --- UTILITY (12) ----- (None) > --- WEAPON (3) ------- (None) > --- INVENTORY (5) ---- (None) Peak State ------------ > --- POWER ------------ Light Quantum Reactor Light Quantum Reactor Concept Zero-point Core > --- PROPULSION ------- Combat Linear Gravjet Experimental Antigrav System Gravjet Array Gravjet Array Concept Combat Aerolev Unit > --- UTILITY ---------- Concept Thermoelectric Network Concept Antigrav Storage Unit Spectral Analyzer Experimental Targeting Computer Experimental Core Analyzer Experimental Core Analyzer Experimental Reaction Control System Concept Cloak Mesh Concept RG22 Armor Graphene Brace Experimental Shock Absorption System Concept Antimissile System > --- WEAPON ----------- Advanced KE Penetrator Concept XC Strikerail Concept XC Strikerail > --- INVENTORY -------- Improved Quantum Reactor Hybrid Graviton Reactor Concept Zero-point Core Experimental Antigrav System Gravjet Array Impulse Thruster Array Impulse Thruster Array Impulse Thruster Array Experimental Heat Sink Concept Chromion Battery Concept NT7 Matterbank Advanced Transmission Jammer Experimental Reaction Control System Concept Hardlight Director Concept Matter Streamer Concept Impact Drone Bay Transdimensional Reconstructor Concept Plasma Driver Helical Railgun [Rating: 280] Favorites ----------- Power Improved Ion Engine Engine Improved Ion Engine Power Core Concept Zero-point Core Reactor Hybrid Graviton Reactor Propulsion Improved Flight Unit Treads Improved Treads Leg Aluminum Leg Wheel Wheel Hover Unit Gravjet Array Flight Unit Improved Flight Unit Utility Huge Storage Unit Device Structural Scanner Storage Huge Storage Unit Processor Enhanced Optical Array Hackware Advanced Hacking Suite Protection Medium Armor Plating Weapon Heavy Assault Rifle Energy Gun Improved EM Shotgun Energy Cannon Concept Plasma Driver Ballistic Gun Heavy Assault Rifle Ballistic Cannon Concept Miniperforator Launcher Ragnarok Missile Launcher Special Weapon Improved Plasma Cutter Impact Weapon Heavy Flail Slashing Weapon Sigix Broadsword Piercing Weapon Heavy Pick Build | -11 -10 -10 -9 -9 -9 -9 -6 -6 -6 -6 -5 -5 -5 -5 -5 -4 -4 -4 -4 -4 -4 -4 -3 -3 -3 -2 -2 -2 -1 -1 ------- Run | Yrd Mat Min Mat Sto Rec Scr Fac Low Low Zio Pro Fac Upp Upp Zhi Pro Fac Was Fac Upp Upp War Pro Res Qua Res Tes Frg Acc Com Slots Evolved 18 | . . . 2 . . . 6 . . . . 2 . . . . 2 . . . . . . 2 . 2 . . 2 . Power 2 | . . . . . . . . . . . . . . . . . 1 . . . . . . . . . . . 1 . Propulsion 5 | . . . 1 . . . 2 . . . . 1 . . . . . . . . . . . 1 . . . . . . Utility 10 | . . . . . . . 4 . . . . 1 . . . . 1 . . . . . . 1 . 2 . . 1 . Weapon 1 | . . . 1 . . . . . . . . . . . . . . . . . . . . . . . . . . . Parts Attached 199 | 7 4 1 21 13 2 6 15 . . . . 4 . 4 3 1 5 . 7 . . 5 . 1 6 8 2 64 8 12 Power 22 | 1 . . 3 1 . 1 . . . . . . . . . . 2 . 2 . . 1 . . 1 . . 6 2 2 Engine 7 | 1 . . 3 1 . . . . . . . . . . . . . . 2 . . . . . . . . . . . Core 7 | . . . . . . 1 . . . . . . . . . . 2 . . . . 1 . . . . . 2 . 1 Reactor 8 | . . . . . . . . . . . . . . . . . . . . . . . . . 1 . . 4 2 1 Propulsion 51 | 2 2 . 7 5 . 3 4 . . . . 1 . . . . 1 . 1 . . . . 1 1 1 1 13 1 7 Treads 13 | . 2 . 7 4 . . . . . . . . . . . . . . . . . . . . . . . . . . Leg 2 | 2 . . . . . . . . . . . . . . . . . . . . . . . . . . . . . . Wheel 3 | . . . . . . 3 . . . . . . . . . . . . . . . . . . . . . . . . Hover 15 | . . . . . . . . . . . . . . . . . . . . . . . . . . . . 9 1 5 Flight 18 | . . . . 1 . . 4 . . . . 1 . . . . 1 . 1 . . . . 1 1 1 1 4 . 2 Utility 77 | 2 2 . 4 2 . 1 6 . . . . 2 . 4 3 1 2 . 2 . . 2 . . 2 5 . 30 5 2 Device 35 | 1 . . . . . 1 2 . . . . 1 . 2 1 . 1 . 1 . . 1 . . 1 3 . 14 4 2 Storage 10 | 1 2 . 1 . . . 1 . . . . . . . 1 . . . . . . . . . 1 . . 3 . . Processor 14 | . . . . . . . 2 . . . . . . . . . 1 . . . . . . . . 1 . 9 1 . Hackware 3 | . . . . . . . . . . . . 1 . 1 . . . . . . . . . . . 1 . . . . Protection 15 | . . . 3 2 . . 1 . . . . . . 1 1 1 . . 1 . . 1 . . . . . 4 . . Artifact . | . . . . . . . . . . . . . . . . . . . . . . . . . . . . . . . Weapon 49 | 2 . 1 7 5 2 1 5 . . . . 1 . . . . . . 2 . . 2 . . 2 2 1 15 . 1 Energy Gun 1 | . . . 1 . . . . . . . . . . . . . . . . . . . . . . . . . . . Energy Cannon 11 | . . . . 1 . . 2 . . . . 1 . . . . . . 1 . . . . . 1 1 1 3 . . Ballistic Gun 22 | 2 . . 6 3 2 . . . . . . . . . . . . . . . . . . . . . . 8 . 1 Ballistic Cannon 2 | . . . . . . . 1 . . . . . . . . . . . . . . . . . . . . 1 . . Launcher 5 | . . 1 . . . . 1 . . . . . . . . . . . . . . 1 . . . . . 2 . . Special Weapon 2 | . . . . . . . 1 . . . . . . . . . . . . . . 1 . . . . . . . . Impact Weapon 1 | . . . . 1 . . . . . . . . . . . . . . . . . . . . . . . . . . Slashing Weapon 1 | . . . . . . . . . . . . . . . . . . . . . . . . . 1 . . . . . Piercing Weapon 4 | . . . . . . 1 . . . . . . . . . . . . 1 . . . . . . 1 . 1 . . Special Melee Weapon . | . . . . . . . . . . . . . . . . . . . . . . . . . . . . . . . Unidentified Prototypes 10 | . . . 1 2 . . 1 . . . . . . . 3 . . . . . . . . . 2 . . . . 1 Parts Lost 60 | . . . 1 1 . . . . . . . 3 . . . . 4 . 1 . . 1 . . 1 2 1 20 1 24 Power 8 | . . . . . . . . . . . . . . . . . 2 . . . . 1 . . . . 1 2 . 2 Propulsion 18 | . . . . . . . . . . . . . . . . . 1 . 1 . . . . . . 1 . 4 1 10 Utility 21 | . . . 1 1 . . . . . . . 2 . . . . 1 . . . . . . . . 1 . 8 . 7 Weapon 13 | . . . . . . . . . . . . 1 . . . . . . . . . . . . 1 . . 6 . 5 Highest Loss Streak 12 | . . . 1 1 . . . . . . . 3 . . . . 4 . 1 . . 1 . . 1 1 1 6 1 12 To Critical Strikes 1 | . . . . . . . . . . . . . . . . . . . . . . . . . . . . . . 1 Average Backups 16 | 2 9 12 22 24 24 22 10 10 9 10 10 9 9 8 9 10 7 8 9 9 10 9 9 8 9 9 9 16 18 16 Power 1 | . 1 1 2 2 2 1 1 1 1 1 1 1 2 2 2 2 . . . . 1 1 1 1 1 1 1 1 2 3 Propulsion 4 | 1 2 3 6 9 10 8 3 3 3 3 3 2 2 2 2 2 1 1 1 1 1 1 2 1 1 . 1 3 3 4 Utility 5 | . 1 3 8 7 7 9 3 3 3 3 3 3 3 2 3 3 2 3 3 4 3 2 2 1 . . . 6 9 6 Weapon 3 | . 3 4 3 4 4 2 1 2 1 2 2 1 1 1 1 1 1 2 1 2 2 2 2 3 2 3 3 4 1 1 Tool/Special . | . . . . . . . . . . . . . . . . . . . . . . . . . . . . . . . Unused Backups 43 | . 2 . 7 4 . 4 6 . . . . 1 . . . . . . 1 . 1 2 . . . 1 . 10 . 4 Power 8 | . . . 1 . . . . . . . . . . . . . . . . . . . . . . . . 5 . 2 Propulsion 12 | . 1 . 4 2 . 2 . . . . . . . . . . . . . . . 1 . . . . . 1 . 1 Utility 12 | . . . . 2 . 1 4 . . . . . . . . . . . . . 1 1 . . . 1 . 2 . . Weapon 8 | . 1 . 1 . . 1 2 . . . . . . . . . . . 1 . . . . . . . . 2 . . Tool/Special 3 | . . . 1 . . . . . . . . 1 . . . . . . . . . . . . . . . . . 1 Average Slot Usage (%) 91 | . 100 100 99 99 100 85 84 86 86 86 86 85 76 84 87 88 82 82 86 89 89 88 89 88 85 82 89 86 91 78 Engine 6 | . 14 14 11 11 11 8 . . . . . . . . . . . . 2 5 5 5 5 4 4 4 2 . . . Core 2 | . . . . . . 2 6 6 6 6 6 5 5 5 5 5 5 5 5 5 5 4 5 4 1 . . 3 4 5 Treads 12 | . 15 28 33 33 33 8 . . . . . . . . . . . . . . . . . . . . . . . . Wheel 3 | . . . . . . 22 . . . . . . . . . . . . . . . . . . . . . . . . Hover 2 | . . . . . . . . . . . . . . . . . . . . . . . . . . . . 13 19 21 Flight 9 | . . . . . . . 32 33 33 33 33 35 35 35 35 35 31 31 31 31 31 31 31 33 28 26 26 7 . . Device 8 | . 14 14 . . . 4 12 13 13 13 13 10 5 12 11 11 8 9 10 10 10 10 10 12 13 13 13 14 19 19 Storage 8 | . 14 14 11 11 11 10 6 6 6 6 6 5 5 5 5 5 5 5 5 5 5 5 5 4 4 4 4 4 4 4 Processor 7 | . . . . . . . 11 13 13 13 13 11 11 11 11 11 14 15 15 15 15 15 15 14 14 15 17 20 19 12 Hackware 1 | . . . . . . . . . . . . 3 5 5 5 5 5 5 5 5 5 5 5 4 4 4 8 . . . Protection 6 | . . . 10 11 11 6 5 6 6 6 6 4 . . 3 4 5 5 5 5 5 5 5 4 4 4 4 3 4 3 Ballistic Gun 16 | . 28 28 32 32 33 17 . . . . . . . . . . . . . . . . . . . . . 6 8 7 Piercing Weapon 2 | . . . . . . 4 6 6 6 6 6 5 5 5 5 5 5 5 5 5 5 5 5 4 1 2 4 . . . Peak Build Rating 280 | 7 8 8 19 23 22 22 53 53 53 49 49 64 53 62 66 67 74 75 82 78 79 85 94 98 142 144 151 267 278 280 Average Rating 72 | 5 7 8 15 21 21 18 46 49 49 49 48 55 53 57 60 61 68 70 72 76 78 78 87 96 122 130 149 215 267 231 On Entrance 70 | . 7 8 8 19 22 22 20 49 49 49 49 49 53 53 59 61 61 66 70 75 78 79 84 87 98 110 143 148 249 269 Naked Turns 129 | . . . . . . 125 . . . . . . . . . . . . . . . . . . . . . . . 4 Heaviest Build 121 | 15 30 30 106 103 103 103 25 25 25 25 25 25 19 22 24 24 28 22 27 27 27 38 25 26 36 43 42 121 107 108 Greatest Support 110 | 20 40 40 63 69 69 69 25 25 25 25 25 25 25 25 25 25 30 25 30 30 30 30 30 30 44 44 45 110 110 108 Greatest Overweight (x) 30 | 2 . . 1 1 1 30 . . . . . . . . . . . . . . . 1 . . . . . 1 . 1 Average Overweight (x) . | . . . . 1 1 2 . . . . . . . . . . . . . . . . . . . . . . . . Largest Inventory Capacity 25 | 8 15 15 25 25 25 25 25 10 10 10 10 10 10 10 10 10 10 10 10 10 10 10 10 10 10 10 10 25 25 25 Average Capacity 18 | 7 11 15 24 25 25 23 10 10 10 10 10 10 10 10 10 10 10 10 10 10 10 10 10 10 10 10 10 19 25 24 Most Carried 25 | 5 12 13 25 25 24 25 24 10 10 10 10 10 9 10 10 10 10 9 10 10 10 10 10 9 10 10 10 25 25 24 Average Carried 17 | 2 9 12 22 24 24 22 10 9 9 10 9 9 9 8 9 9 7 7 9 9 9 9 9 8 9 9 9 17 21 18 Final Capacity 25 | 8 15 15 25 25 25 25 10 10 10 10 10 10 10 10 10 10 10 10 10 10 10 10 10 10 10 10 10 25 25 5 Final Carried 25 | 5 12 13 25 24 24 24 10 10 10 10 10 9 9 9 10 10 10 8 9 10 10 10 10 8 9 9 10 18 24 . Class Distribution -------------------- 25% | Tank 17% | Scout 17% | Mutant 10% | Scavenger-Gunner 9% | Scavenger-Tank 3% | Infiltrator-Sprinter 3% | Scavenger-Sprinter Dominant Class ---------------- Mutant | -10/Materials Mutant | -10/Mines Tank | -9/Materials Tank | -9/Storage Tank | -9/Recycling Tank | -9/Scraptown Scout | -6/Factory Scout | -6/Lower Caves Scout | -6/Lower Caves Scout | -6/Zion Scout | -5/Proximity Caves Scout | -5/Factory Scout | -5/Upper Caves Scout | -5/Upper Caves Scout | -5/Zhirov Scout | -4/Proximity Caves Scout | -4/Factory Scout | -4/Waste Scout | -4/Factory Scout | -4/Upper Caves Scout | -4/Upper Caves Infiltrator-Sprinter | -4/Warlord Scout | -3/Proximity Caves Infiltrator-Ninja | -3/Research Infiltrator-Ninja | -3/Quarantine Infiltrator-Ninja | -2/Research Hacker-Sprinter | -2/Testing Scavenger-Gunner | -2/Protoforge Scavenger-Scout | -1/Access Scavenger-Mutant | -1/Command Resources | -11 -10 -10 -9 -9 -9 -9 -6 -6 -6 -6 -5 -5 -5 -5 -5 -4 -4 -4 -4 -4 -4 -4 -3 -3 -3 -2 -2 -2 -1 -1 ----------- Run | Yrd Mat Min Mat Sto Rec Scr Fac Low Low Zio Pro Fac Upp Upp Zhi Pro Fac Was Fac Upp Upp War Pro Res Qua Res Tes Frg Acc Com Matter Collected 11236 | 300 197 48 1050 966 140 490 208 25 . 10 . . 78 77 80 30 90 . 181 66 . 215 30 . 125 65 . 5857 269 639 Remotely 1040 | . . . . . . . . . . . . . . . . . . . . . . . . . . . . 720 . 320 Salvage Created 13211 | 140 368 37 1497 1373 173 . 101 . . . . 36 . . 384 . 158 . 181 . . 60 . . 302 . . 7152 877 372 Parts 638 | 6 22 4 108 104 14 . 3 . . . . 6 . . 4 . 10 . 6 . . 2 . . 15 . . 274 44 16 Haulers Intercepted 11 | . 2 . 5 3 . . . . . . . . . . . . 1 . . . . . . . . . . . . . Recyclers Shooed 8 | . 1 . 4 3 . . . . . . . . . . . . . . . . . . . . . . . . . . Parts Field Recycled . | . . . . . . . . . . . . . . . . . . . . . . . . . . . . . . . Retrieved Matter . | . . . . . . . . . . . . . . . . . . . . . . . . . . . . . . . Parts Self-Destructed 16 | . . . . . . . . 1 . 6 5 . . . 4 . . . . . . . . . . . . . . . Prevented 2 | . . . . . . . . . . . . . 2 . . . . . . . . . . . . . . . . . Kills | -11 -10 -10 -9 -9 -9 -9 -6 -6 -6 -6 -5 -5 -5 -5 -5 -4 -4 -4 -4 -4 -4 -4 -3 -3 -3 -2 -2 -2 -1 -1 ------- Run | Yrd Mat Min Mat Sto Rec Scr Fac Low Low Zio Pro Fac Upp Upp Zhi Pro Fac Was Fac Upp Upp War Pro Res Qua Res Tes Frg Acc Com Combat Hostiles Destroyed 210 | . 8 4 23 26 3 . . . . . . 2 . . . . . . . . . 2 . . 3 . . 125 9 5 Melee 2 | . . . . . . . . . . . . . . . . . . . . . . . . . 2 . . . . . Guns 81 | . 8 1 20 22 3 . . . . . . . . . . . . . . . . . . . . . . 20 2 5 Cannons 51 | . . . . . . . . . . . . . . . . . . . . . . . . . 1 . . 44 6 . AOE 66 | . . 3 3 4 . . . . . . . 2 . . . . . . . . . 2 . . . . . 52 . . Classes Destroyed 26 | 2 4 . 5 1 . . . . . . . 1 . . . . . . . . . . . . 1 . . 12 . . Worker 7 | . . . 1 2 . . . . . . . . . . . . 2 . 1 . . . . . . . . . 1 . Builder 8 | . . . 2 3 . . . . . . . . . . . . 1 . . . . . . . . . . 1 1 . Tunneler 4 | 2 . . . . . . . . . . . . . . . . . . 2 . . . . . . . . . . . Hauler 11 | . 2 . 5 3 . . . . . . . . . . . . 1 . . . . . . . . . . . . . Recycler 10 | 1 1 . 3 2 . . 1 . . . . . . . . . . . 1 . . . . . 1 . . . . . Carrier 2 | . . . . . . . . . . . . . . . . . . . . . . . . . . . . 2 . . Mechanic 5 | . . . . 2 . . . . . . . . . . . . . . . . . . . . . . . 3 . . Operator 2 | . . . 1 . . . . . . . . . . . . . . . . . . . . . . . . . . 1 Drone 1 | . . . . . . . . . . . . . . . . . . . . . . . . . . . . 1 . . Watcher 11 | . 2 . 3 1 . . . . . . . . . . . . . . . . . . . . . . . . 5 . Swarmer 37 | . 6 4 7 6 . . . . . . . . . . . . . . . . . . . . . . . 14 . . Cutter 2 | . . . . . . . . . . . . 2 . . . . . . . . . . . . . . . . . . Saboteur 7 | . . . . . . . . . . . . . . . . . . . . . . . . . . . . 7 . . Grunt 51 | . 2 . 8 8 . . . . . . . . . . . . . . . . . 1 . . . . . 32 . . Brawler 8 | . . . 1 2 . . . . . . . . . . . . . . . . . 1 . . . . . 4 . . Duelist 3 | . . . . . . . . . . . . . . . . . . . . . . . . . . . . 3 . . Protector 3 | . . . . . . . . . . . . . . . . . . . . . . . . . . . . 3 . . Researcher 5 | . . . . . . . . . . . . . . . . . . . . . . . . . . . . 5 . . Sentry 30 | . . . 8 10 3 . . . . . . . . . . . . . . . . . . . . . . 7 2 . Hunter 12 | . . . . . . . . . . . . . . . . . . . . . . . . . . . . 12 . . Programmer 16 | . . . . . . . . . . . . . . . . . . . . . . . . . 3 . . 9 1 3 Hotshot 1 | . . . . . . . . . . . . . . . . . . . . . . . . . . . . 1 . . Decapitator 6 | . . . . . . . . . . . . . . . . . . . . . . . . . . . . 6 . . Immortal 2 | . . . . . . . . . . . . . . . . . . . . . . . . . . . . 2 . . Combat Programmer 2 | . . . . . . . . . . . . . . . . . . . . . . . . . . . . . . 2 Striker 13 | . . . . . . . . . . . . . . . . . . . . . . . . . . . . 9 4 . Executioner 13 | . . . . . . . . . . . . . . . . . . . . . . . . . . . . 11 2 . Alpha 7 2 | . . . . . . . . . . . . . . . . . . . . . . . . . . . . 2 . . V-Series 2 | . . . . . . . . . . . . . . . . . . . . . . . . . . . . 2 . . Scraphulk 1 | . . . . . . . . . . . . . . . . . . . . . . . . . . . . 1 . . Best Kill Streak 31 | 3 3 3 4 8 1 . 1 . . . . 2 . . . . 2 . 1 . . 1 . . 2 . . 31 4 5 Combat Bots Only 27 | . 3 3 4 4 1 . . . . . . 2 . . . . . . . . . 1 . . 2 . . 27 2 5 Max Kills in Single Turn 4 | 1 1 3 2 2 1 . 1 . . . . 2 . . . . 1 . 1 . . 1 . . 1 . . 4 2 2 Gunslinging 1 | . . . 1 1 . . . . . . . . . . . . . . . . . . . . . . . 1 . 1 Exploded 4 | . . 3 2 2 . . . . . . . 2 . . . . . . . . . 1 . . . . . 4 . . Melee 1 | . . . . . . . . . . . . . . . . . . . . . . . . . 1 . . . . . Uniques/NPCs Destroyed 1 | . . . . . . . . . . . . . . . . . . . . . . . . . . . . . . 1 MAIN.C Shell (-1/Command) Combat | -11 -10 -10 -9 -9 -9 -9 -6 -6 -6 -6 -5 -5 -5 -5 -5 -4 -4 -4 -4 -4 -4 -4 -3 -3 -3 -2 -2 -2 -1 -1 -------- Run | Yrd Mat Min Mat Sto Rec Scr Fac Low Low Zio Pro Fac Upp Upp Zhi Pro Fac Was Fac Upp Upp War Pro Res Qua Res Tes Frg Acc Com Hostile Shots Fired 1080 | . 30 7 101 76 10 . . . 1 . . 30 . 1 . . 14 . 12 . . 6 . 3 31 22 6 386 30 314 Missed 424 | . 11 1 32 16 3 . . . 1 . . 16 . 1 . . 9 . 8 . . 2 . 3 7 12 3 153 8 138 Intercepted 9 | . . . . . . . . . . . . . . . . . . . . . . . . . . . . 2 . 7 Hits 656 | . 19 6 69 60 7 . . . . . . 14 . . . . 5 . 4 . . 4 . . 24 10 3 233 22 176 Melee 47 | . . . 1 3 . . . . . . . 7 . . . . . . . . . . . . . . . 4 2 30 Projectile 609 | . 19 6 68 57 7 . . . . . . 7 . . . . 5 . 4 . . 4 . . 24 10 3 229 20 146 AOE 13 | . . . . . . . . . . . . 2 . . . . . . . . . 1 . . . . . 7 . 3 Critical Strikes 61 | . . . . 4 1 . . . . . . 2 . . . . . . . . . . . . 4 . 1 18 3 28 Actively Blocked 46 | . . . . . . . . . . . . . . . . . . . . . . . . . . . 1 18 3 24 Part Disruptions 7 | . . . . . . . . . . . . 1 . . . . . . . . . . . . . . . 1 . 5 Damage Taken 16852 | . 178 53 1063 929 97 . . . . . . 528 . . . . 393 . 146 . . 226 . . 572 317 89 6322 1012 4927 Core 3038 | . 41 . 102 95 . . . . . . . 143 . . . . 79 . 48 . . 59 . . 25 55 . 788 108 1495 Absorbed by Shields 1277 | . . . . . . . . . . . . . . . . . 26 . . . . . . . . . . 745 . 506 Redirected to Shielding 9 | . . . . . . . . . . . . . . . . . 9 . . . . . . . . . . . . . Ignored by Resistances 99 | . . . . . . . . . . . . . . . . . . . . . . . . . . . . 4 . 95 Regen/Repaired (Parts) 1022 | . . . 72 32 . . . . . . . . . . . . . . . . . 14 . . 105 . . 307 111 381 Core Remaining (%) 78 | 100 . 83 . . . 50 . . . . 100 . . . . 85 . . . . . . 83 . 98 . . 29 . . Volleys Fired 646 | 5 27 4 87 81 6 . 6 1 1 . . 7 . 1 . 4 1 1 1 . . 5 1 . 8 28 11 248 66 46 Largest 3 | 2 2 2 3 3 3 . 1 1 1 . . 1 . 1 . 1 1 1 1 . . 1 1 . 1 1 1 3 3 3 Hottest 330 | 40 40 40 69 69 69 . 85 85 85 . . 90 . 90 . 90 90 90 110 . . 49 110 . 110 120 120 330 207 210 Shots Fired 1364 | 10 54 7 255 225 18 . 6 1 1 . . 7 . 1 . 4 1 1 1 . . 5 1 . 8 28 11 509 113 97 Gun 935 | 10 54 6 252 216 18 . . . . . . . . . . . . . . . . . . . . . . 254 48 77 Cannon 372 | . . . . . . . 5 1 1 . . 5 . 1 . 4 1 1 1 . . . 1 . 8 28 11 219 65 20 Launcher 57 | . . 1 3 9 . . 1 . . . . 2 . . . . . . . . . 5 . . . . . 36 . . Special . | . . . . . . . . . . . . . . . . . . . . . . . . . . . . . . . Kinetic 982 | 10 54 6 252 216 18 . 3 . . . . . . . . . . . . . . . . . . . . 298 48 77 Thermal 320 | . . . . . . . 2 1 1 . . 5 . 1 . 4 1 1 1 . . . 1 . 4 28 11 174 65 20 Explosive 57 | . . 1 3 9 . . 1 . . . . 2 . . . . . . . . . 5 . . . . . 36 . . Electromagnetic . | . . . . . . . . . . . . . . . . . . . . . . . . . . . . . . . Entropic 5 | . . . . . . . . . . . . . . . . . . . . . . . . . 4 . . 1 . . Robot Hit Streak 46 | 8 10 3 15 21 8 . . . . . . . . . . . . . . . . . . . 2 . . 20 13 46 Robot Miss Streak 9 | . 3 3 9 5 1 . . . . . . 1 . . . . . . . . . . . . 1 . . 9 2 1 Penetration Max 1 | . . . . . . . . . . . . . . . . . . . . . . . . . . . . 1 1 1 Secondary Targets 12 | . 3 . 3 4 . . . . . . . . . . . . . . . . . . . . . . . 1 . 1 Max Gunslinging Chain 1 | . 1 . 1 1 . . . . . . . . . . . . . . . . . . . . . . . 1 . 1 Shots Hit Robots 819 | 8 38 3 151 135 10 . 1 . . . . . . . 10 . 5 . 4 . . . . . 16 . . 318 38 82 Core Hits 517 | 4 18 3 61 68 6 . . . . . . 7 . . 3 . 2 . 1 . . 4 . . 5 . . 279 24 32 Critical Kills 50 | . 1 . . 1 . . . . . . . . . . . . . . . . . . . . . . . 42 5 1 Critical Parts Destroyed 46 | . 1 . 2 2 . . . . . . . . . . . . . . . . . . . . . . . 38 2 1 Critical Strikes 104 | . 2 . 2 3 . . . . . . . . . . 1 . . . . . . . . . 1 . . 83 8 4 Meltdown 10 | . . . . . . . . . . . . . . . . . . . . . . . . . . . . 9 1 . Destroy 91 | . 2 . 2 3 . . . . . . . . . . . . . . . . . . . . . . . 73 7 4 Impale 2 | . . . . . . . . . . . . . . . 1 . . . . . . . . . . . . 1 . . Sunder 1 | . . . . . . . . . . . . . . . . . . . . . . . . . 1 . . . . . Melee Attacks 154 | . . . . 4 . . 28 2 2 . 1 26 . 2 10 3 12 1 7 . 3 7 2 2 38 . 1 3 . . Impact 4 | . . . . 4 . . . . . . . . . . . . . . . . . . . . . . . . . . Slashing 23 | . . . . . . . . . . . . . . . . . . . . . . . . . 23 . . . . . Piercing 127 | . . . . . . . 28 2 2 . 1 26 . 2 10 3 12 1 7 . 3 7 2 2 15 . 1 3 . . Sneak Attacks 11 | . . . . . . . 1 . . . . . . . . . 4 . 4 . . . . . 1 . . 1 . . Combat Hostiles . | . . . . . . . . . . . . . . . . . . . . . . . . . . . . . . . Follow-up Attacks . | . . . . . . . . . . . . . . . . . . . . . . . . . . . . . . . Damage Inflicted 42085 | 98 511 139 2457 2923 150 . 203 . . . . 195 . . 918 . 384 . 351 . . 262 . . 1017 . . 26621 2398 3458 Guns 13478 | 98 497 27 2217 2132 150 . . . . . . . . . . . . . . . . . . . . . . 5435 773 2149 Cannons 10881 | . . . . . . . . . . . . . . . . . . . . . . . . . 218 . . 7838 1516 1309 Explosions 15060 | . . 112 233 782 . . 103 . . . . 195 . . . . . . . . . 262 . . . . . 13264 109 . Melee 2636 | . . . . . . . 100 . . . . . . . 918 . 384 . 351 . . . . . 799 . . 84 . . Ramming 30 | . 14 . 7 9 . . . . . . . . . . . . . . . . . . . . . . . . . . Kinetic 13831 | 98 497 27 2217 2132 150 . . . . . . . . . . . . . . . . . . . . . . 5788 773 2149 Thermal 10397 | . . . 87 . . . . . . . . . . . . . . . . . . . . . . . . 7485 1516 1309 Explosive 14937 | . . 112 146 782 . . 103 . . . . 159 . . . . . . . . . 262 . . . . . 13264 109 . Electromagnetic 36 | . . . . . . . . . . . . 36 . . . . . . . . . . . . . . . . . . Impact . | . . . . . . . . . . . . . . . . . . . . . . . . . . . . . . . Slashing 612 | . . . . . . . . . . . . . . . . . . . . . . . . . 612 . . . . . Piercing 2024 | . . . . . . . 100 . . . . . . . 918 . 384 . 351 . . . . . 187 . . 84 . . Entropic 218 | . . . . . . . . . . . . . . . . . . . . . . . . . 218 . . . . . Highest Corruption 31 | . . . . . . . . . . . . . . . . . 1 10 10 10 10 10 . . 6 . 1 31 1 9 Average Corruption 17 | . . . . . . . . . . . . . . . . . 1 5 10 10 10 10 . . 4 . 1 22 1 5 Corruption Purged . | . . . . . . . . . . . . . . . . . . . . . . . . . . . . . . . Corruption Blocked . | . . . . . . . . . . . . . . . . . . . . . . . . . . . . . . . Effects 229 | . . . . . . . . . . . . . . . . . . 1 15 3 5 . . . 2 . 1 190 . 12 Message Errors 43 | . . . . . . . . . . . . . . . . . . . 6 . 1 . . . . . . 35 . 1 Matter Fused 48 | . . . . . . . . . . . . . . . . . . . 2 . . . . . . . . 44 . 2 Heat Flow Errors 20 | . . . . . . . . . . . . . . . . . . . 2 1 . . . . . . . 14 . 3 Energy Discharges 21 | . . . . . . . . . . . . . . . . . . . 1 . 2 . . . 1 . . 16 . 1 Parts Rejected 5 | . . . . . . . . . . . . . . . . . . . . . . . . . . . . 4 . 1 Parts Fused 5 | . . . . . . . . . . . . . . . . . . . . . . . . . 1 . . 3 . 1 Data Loss (minor) 25 | . . . . . . . . . . . . . . . . . . . 4 1 2 . . . . . 1 17 . . Data Loss (major) 8 | . . . . . . . . . . . . . . . . . . . . 1 . . . . . . . 6 . 1 Alerts 5 | . . . . . . . . . . . . . . . . . . . . . . . . . . . . 4 . 1 Misdirections 21 | . . . . . . . . . . . . . . . . . . 1 . . . . . . . . . 20 . . Weapon Failures 28 | . . . . . . . . . . . . . . . . . . . . . . . . . . . . 27 . 1 Overload Shots . | . . . . . . . . . . . . . . . . . . . . . . . . . . . . . . . Overflow Damage 1922 | . . 10 . 12 . . 108 . . . . 14 . . 153 . 99 . 153 . . . . . 108 . . 1104 90 71 Projectiles 647 | . . . . . . . . . . . . . . . . . . . . . . . . . 40 . . 462 74 71 Explosions 604 | . . 10 . 12 . . 38 . . . . 14 . . . . . . . . . . . . . . . 514 16 . Melee 671 | . . . . . . . 70 . . . . . . . 153 . 99 . 153 . . . . . 68 . . 128 . . Knockbacks 2 | . . . . . . . . . . . . . . . . . . . . . . . . . . . . 2 . . Impact . | . . . . . . . . . . . . . . . . . . . . . . . . . . . . . . . Kinetic 2 | . . . . . . . . . . . . . . . . . . . . . . . . . . . . 2 . . Secondary . | . . . . . . . . . . . . . . . . . . . . . . . . . . . . . . . Self-Inflicted Damage 585 | . . . 170 39 . . . . . . . 137 . . . . . . . . . 109 . . . . . . 130 . Shots 11 | . . . 2 2 . . . . . . . 3 . . . . . . . . . 2 . . . . . . 2 . Rammed 3 | . 1 . 1 1 . . . . . . . . . . . . . . . . . . . . . . . . . . Targets Rammed 4 | . 2 . 1 1 . . . . . . . . . . . . . . . . . . . . . . . . . . Kicked 1 | . 1 . . . . . . . . . . . . . . . . . . . . . . . . . . . . . Crushed . | . . . . . . . . . . . . . . . . . . . . . . . . . . . . . . . Highest Temperature 442 | . 2 . 126 112 72 . 88 44 44 . . 88 . 34 . . . . 138 120 . . 24 . 22 146 126 442 203 203 Average Temperature 73 | . 2 . 27 28 27 . 36 18 18 . . 31 . 16 . . . . 73 81 . . 18 . 14 49 58 118 118 116 Received Heat Transfer 1420 | . 30 . 210 366 54 . . . . . . 18 . . . . . . . . . 12 . . . 27 . 402 . 301 Effects 9 | . . . . . . . . . . . . . . . . . . . . . . . . . . . . 4 5 . Shutdowns 1 | . . . . . . . . . . . . . . . . . . . . . . . . . . . . 1 . . Energy Bleed 3 | . . . . . . . . . . . . . . . . . . . . . . . . . . . . 1 2 . Interference 3 | . . . . . . . . . . . . . . . . . . . . . . . . . . . . . 3 . Matter Decay 2 | . . . . . . . . . . . . . . . . . . . . . . . . . . . . 2 . . Siege Activations . | . . . . . . . . . . . . . . . . . . . . . . . . . . . . . . . Martial Activations . | . . . . . . . . . . . . . . . . . . . . . . . . . . . . . . . Shielding Activations . | . . . . . . . . . . . . . . . . . . . . . . . . . . . . . . . Robots Disrupted . | . . . . . . . . . . . . . . . . . . . . . . . . . . . . . . . Combat Hostiles . | . . . . . . . . . . . . . . . . . . . . . . . . . . . . . . . Robots Corrupted . | . . . . . . . . . . . . . . . . . . . . . . . . . . . . . . . Combat Hostiles . | . . . . . . . . . . . . . . . . . . . . . . . . . . . . . . . Parts Fried . | . . . . . . . . . . . . . . . . . . . . . . . . . . . . . . . Impact Corruptions . | . . . . . . . . . . . . . . . . . . . . . . . . . . . . . . . Robots Melted 10 | . . . . . . . . . . . . . . . . . . . . . . . . . . . . 9 1 . Combat Hostiles 10 | . . . . . . . . . . . . . . . . . . . . . . . . . . . . 9 1 . Parts Melted 23 | . . . . . . . . . . . . . . . . . . . . . . . . . . . . 20 2 1 Heat Transferred 5680 | . . . 50 . . . . . . . . . . . . . . . . . . . . . . . . 4500 900 230 Parts Sabotaged . | . . . . . . . . . . . . . . . . . . . . . . . . . . . . . . . Parts Stolen . | . . . . . . . . . . . . . . . . . . . . . . . . . . . . . . . Parts Stripped . | . . . . . . . . . . . . . . . . . . . . . . . . . . . . . . . Power Chain Reactions 1 | . . . . . . . . . . . . . . . . . . . . . . 1 . . . . . . . . Alert | -11 -10 -10 -9 -9 -9 -9 -6 -6 -6 -6 -5 -5 -5 -5 -5 -4 -4 -4 -4 -4 -4 -4 -3 -3 -3 -2 -2 -2 -1 -1 ------- Run | Yrd Mat Min Mat Sto Rec Scr Fac Low Low Zio Pro Fac Upp Upp Zhi Pro Fac Was Fac Upp Upp War Pro Res Qua Res Tes Frg Acc Com Maximum Alert Level 5 | . . . 1 2 1 . . . . . . . . . . . . . . . . . . . . . . 5 5 5 Low Security (%) 62 | 100 100 100 80 5 99 . 100 . . . . 100 . . . . 100 100 100 . . . . 100 100 100 100 18 . . Level 1 11 | . . . 19 45 . . . . . . . . . . . . . . . . . . . . . . . 10 . . Level 2 6 | . . . . 49 . . . . . . . . . . . . . . . . . . . . . . . 2 . . Level 3 3 | . . . . . . . . . . . . . . . . . . . . . . . . . . . . 17 . . Level 4 4 | . . . . . . . . . . . . . . . . . . . . . . . . . . . . 22 . 3 Level 5 8 | . . . . . . . . . . . . . . . . . . . . . . . . . . . . 27 18 96 High Security 2 | . . . . . . . . . . . . . . . . . . . . . . . . . . . . . 81 . Max Security . | . . . . . . . . . . . . . . . . . . . . . . . . . . . . . . . Peak Influence 3384 | 5 70 124 379 611 203 . 115 . . . . 171 . . . . 150 26 79 . . . . 26 61 178 166 3384 2738 1858 Initial 2030 | . . . . 154 173 . . . . . . . . . . . 150 22 11 . . . . . 2 26 83 84 2030 1752 Average 454 | 1 14 28 133 398 52 . 38 . . . . 15 . . . . 89 21 22 . . . . 13 21 84 121 1212 2396 1767 Influence Increases 10693 | 15 238 187 1072 1366 234 . 319 . . . 60 285 . 30 15 . 203 4 157 . . 115 . 45 253 315 168 4513 758 341 Destroy 0b10 Robot/C 5060 | . 160 120 600 780 60 . 80 . . . 40 40 . . . . . . . . . 40 . . 60 . . 2740 180 160 Destroy 0b10 Robot/NC 350 | 15 25 . 80 80 . . 5 . . . . . . . 15 . 20 . 20 . . . . . 5 . . 45 35 5 Destroy Leader 948 | . 38 20 198 210 . . 20 . . . 20 10 . . . . 2 . . . . . . . 20 . . 320 70 20 Allied During Kill 287 | . . 11 47 146 . . 8 . . . . . . . . . . . . . . . . . . . . 44 . 31 Successful Hack 356 | . 15 . 26 47 24 . 44 . . . . . . . . . . . 26 . . . . 26 35 12 39 48 . 14 Select Force Hacks 150 | . . . . . 150 . . . . . . . . . . . . . . . . . . . . . . . . . Disable Machine 945 | . . 15 60 30 . . 30 . . . . 75 . . . . . . 15 . . . . . 105 . 15 465 135 . Anti-Garrison Action 150 | . . . . . . . . . . . . . . . . . . . . . . . . . . . . 150 . . Destroy Structure 1082 | . . 6 31 43 . . 42 . . . . 70 . . . . 16 4 6 . . . . 4 28 78 24 401 293 36 Advance Influence 150 | . . . . . . . . . . . . . . . . . 150 . . . . . . . . . . . . . Partial Spotted 255 | . . . . . . . 75 . . . . . . . . . . . 15 . . . . . . 15 45 75 30 . Lose Combat Pursuer 960 | . . 15 30 30 . . 15 . . . . 90 . 30 . . 15 . 75 . . 75 . 15 . 210 45 225 15 75 Influence Decreases 9090 | 15 238 187 707 1286 679 . 275 44 . . 60 114 94 92 30 . 140 51 173 . . 115 . 40 211 214 165 1280 1404 1476 Entered New Map 3136 | . . . . 211 272 . . 17 . . . . 64 15 15 . . 41 5 . . . . . 3 21 65 67 1354 986 Time Decay 4335 | 15 238 187 662 565 407 . 235 27 . . 40 84 30 77 15 . 100 10 168 . . 115 . 40 198 173 80 699 40 130 Lost Part 554 | . . . 10 10 . . . . . . . 30 . . . . 40 . . . . . . . 10 20 10 174 10 240 Lost Ally 465 | . . . 35 200 . . 40 . . . 20 . . . . . . . . . . . . . . . 10 40 . 120 Purge Threat 600 | . . . . 300 . . . . . . . . . . . . . . . . . . . . . . . 300 . . Squads Dispatched 74 | . 1 . 3 7 . . 6 . . . . 7 . . . . 6 . 3 . . . . 1 1 6 1 16 16 . Investigation 25 | . 1 . 1 1 . . 4 . . . . 3 . . . . 5 . 1 . . . . 1 . 4 . 4 . . Extermination 10 | . . . . . . . 2 . . . . . . . . . 1 . 2 . . . . . 1 2 1 1 . . Reinforcement 15 | . . . 2 2 . . . . . . . 2 . . . . . . . . . . . . . . . 9 . . Assault 19 | . . . . 3 . . . . . . . . . . . . . . . . . . . . . . . 2 14 . Garrison 5 | . . . . 1 . . . . . . . 2 . . . . . . . . . . . . . . . . 2 . Intercept . | . . . . . . . . . . . . . . . . . . . . . . . . . . . . . . . Searches Triggered . | . . . . . . . . . . . . . . . . . . . . . . . . . . . . . . . Construction Impeded 1 | . . . . 1 . . . . . . . . . . . . . . . . . . . . . . . . . . Haulers Reinforced . | . . . . . . . . . . . . . . . . . . . . . . . . . . . . . . . Active Scanning Responses . | . . . . . . . . . . . . . . . . . . . . . . . . . . . . . . . Cargo Convoy Interrupts . | . . . . . . . . . . . . . . . . . . . . . . . . . . . . . . . Stealth | -11 -10 -10 -9 -9 -9 -9 -6 -6 -6 -6 -5 -5 -5 -5 -5 -4 -4 -4 -4 -4 -4 -4 -3 -3 -3 -2 -2 -2 -1 -1 --------- Run | Yrd Mat Min Mat Sto Rec Scr Fac Low Low Zio Pro Fac Upp Upp Zhi Pro Fac Was Fac Upp Upp War Pro Res Qua Res Tes Frg Acc Com Distress Signals 24 | . . . 1 4 . . 1 . . . . 1 . . . . . . . . . . . . . 3 1 12 . 1 Communications Jammed 8 | . . . . . . . . . . . . . . . . . . . . . . . . . . . . 2 6 . Distress Signals 8 | . . . . . . . . . . . . . . . . . . . . . . . . . . . . 2 6 . Times Spotted 463 | . 13 7 41 43 2 . 3 . 3 1 . 21 . 2 . 4 5 3 3 . . 32 . 3 13 12 5 186 14 47 Peak Tracking Total 31 | . 3 3 4 5 1 . 1 . 4 1 . 15 . 1 . 2 3 4 5 . . 8 . 2 4 9 4 12 3 31 Tactical Retreats 35 | . . 1 1 1 . . 1 . . . . 2 . 2 . . 1 . 1 . . 2 . 1 . 6 2 12 1 1 Traps | -11 -10 -10 -9 -9 -9 -9 -6 -6 -6 -6 -5 -5 -5 -5 -5 -4 -4 -4 -4 -4 -4 -4 -3 -3 -3 -2 -2 -2 -1 -1 ------- Run | Yrd Mat Min Mat Sto Rec Scr Fac Low Low Zio Pro Fac Upp Upp Zhi Pro Fac Was Fac Upp Upp War Pro Res Qua Res Tes Frg Acc Com Traps Triggered 28 | . . . 1 2 . . . . . . . . . . . . 4 . 5 . . . . . 1 . . 13 1 1 Indirectly . | . . . . . . . . . . . . . . . . . . . . . . . . . . . . . . . Trap Hack Attempts . | . . . . . . . . . . . . . . . . . . . . . . . . . . . . . . . Triggered . | . . . . . . . . . . . . . . . . . . . . . . . . . . . . . . . Disarmed . | . . . . . . . . . . . . . . . . . . . . . . . . . . . . . . . Reprogrammed . | . . . . . . . . . . . . . . . . . . . . . . . . . . . . . . . Reused . | . . . . . . . . . . . . . . . . . . . . . . . . . . . . . . . Traps Extracted . | . . . . . . . . . . . . . . . . . . . . . . . . . . . . . . . Installed . | . . . . . . . . . . . . . . . . . . . . . . . . . . . . . . . Triggered . | . . . . . . . . . . . . . . . . . . . . . . . . . . . . . . . Machines | -11 -10 -10 -9 -9 -9 -9 -6 -6 -6 -6 -5 -5 -5 -5 -5 -4 -4 -4 -4 -4 -4 -4 -3 -3 -3 -2 -2 -2 -1 -1 ---------- Run | Yrd Mat Min Mat Sto Rec Scr Fac Low Low Zio Pro Fac Upp Upp Zhi Pro Fac Was Fac Upp Upp War Pro Res Qua Res Tes Frg Acc Com Machines Disabled 85 | . . 1 4 2 . . 2 . . . . 5 . . . . . . 1 . 1 4 . . 7 . 1 48 9 . Max in Single Turn 4 | . . 1 2 1 . . 1 . . . . 1 . . . . . . 1 . 1 2 . . 1 . 1 4 2 . Garrison Access 3 | . . . . . . . . . . . . . . . . . 1 . . . . . . . . . 1 1 . . Machines Repaired . | . . . . . . . . . . . . . . . . . . . . . . . . . . . . . . . Machines Dismantled 1 | . . . . . . . . . . . . . . . . . . . . . . 1 . . . . . . . . Machines Sabotaged . | . . . . . . . . . . . . . . . . . . . . . . . . . . . . . . . Overloaded Fab Kills . | . . . . . . . . . . . . . . . . . . . . . . . . . . . . . . . Hacking | -11 -10 -10 -9 -9 -9 -9 -6 -6 -6 -6 -5 -5 -5 -5 -5 -4 -4 -4 -4 -4 -4 -4 -3 -3 -3 -2 -2 -2 -1 -1 --------- Run | Yrd Mat Min Mat Sto Rec Scr Fac Low Low Zio Pro Fac Upp Upp Zhi Pro Fac Was Fac Upp Upp War Pro Res Qua Res Tes Frg Acc Com Machines Accessed 146 | . 9 . 13 13 11 5 15 1 1 . . 7 . 1 4 1 7 . 9 1 1 5 . 2 10 7 6 14 . 3 Terminals 74 | . 8 . 9 10 6 . 7 . . . . 2 . . . 1 . . 3 . . . . 1 9 3 4 8 . 3 Fabricators 13 | . . . . . . . 2 . . . . 1 . . . . 1 . 5 . . . . . . 1 1 2 . . Repair Stations 4 | . . . 1 2 . . . . . . . . . . . . . . . . . . . . . . . 1 . . Recycling Units 28 | . 1 . 1 . 5 . 5 . . . . 3 . . . . 5 . 1 . . . . 1 . 3 . 3 . . Scanalyzers 3 | . . . 2 . . . 1 . . . . . . . . . . . . . . . . . . . . . . . Garrison Access 5 | . . . . 1 . . . . . . . 1 . . . . 1 . . . . . . . 1 . 1 . . . Total Hacks 368 | . 25 . 44 33 25 48 28 1 1 . . 12 . 1 17 1 16 . 16 1 1 12 . 5 19 11 10 37 . 4 Successful 230 | . 12 . 25 17 20 48 12 1 1 . . 6 . 1 17 1 8 . 6 1 1 12 . 3 4 4 5 23 . 2 Failed 138 | . 13 . 19 16 5 . 16 . . . . 6 . . . . 8 . 10 . . . . 2 15 7 5 14 . 2 Catastrophic 27 | . 1 . . 1 . . 5 . . . . 1 . . . . . . 3 . . . . 2 6 1 1 5 . 1 Database Lockouts . | . . . . . . . . . . . . . . . . . . . . . . . . . . . . . . . Manual 155 | . 17 . 21 15 16 . 16 . . 1 . 6 . . . . 9 . 9 . . . . 3 8 5 7 21 . 1 Terminals 187 | . 23 . 31 25 15 . 14 . . . . 4 . . . 1 . . 8 . . . . 4 18 5 8 27 . 4 Fabricators 17 | . . . . . . . 2 . . . . 1 . . . . 3 . 6 . . . . . . 2 1 2 . . Repair Stations 9 | . . . 4 4 . . . . . . . . . . . . . . . . . . . . . . . 1 . . Recycling Units 56 | . 2 . 2 . 10 . 11 . . . . 5 . . . . 12 . 2 . . . . 1 . 4 . 7 . . Scanalyzers 8 | . . . 7 . . . 1 . . . . . . . . . . . . . . . . . . . . . . . Garrison Access 9 | . . . . 4 . . . . . . . 2 . . . . 1 . . . . . . . 1 . 1 . . . Terminal Hacks 131 | . 4 . 6 8 4 48 4 1 1 . . 1 . 1 17 1 . . 1 1 1 12 . 1 3 1 . 13 . 2 Record 67 | . . . . . . 48 . . 1 . . . . . 5 1 . . . . 1 5 . . 1 . . 5 . . Part Schematic 5 | . . . . . . . 1 . . . . . . . 4 . . . . . . . . . . . . . . . Robot Analysis 7 | . 1 . 2 . . . . . . . . . . . 4 . . . . . . . . . . . . . . . Prototype ID Bank 13 | . . . 1 . 2 . . . . . . . . . 4 . . . . . . 6 . . . . . . . . Open Door 8 | . . . . 3 . . . 1 . . . . . 1 . . . . . 1 . 1 . . . . . . . 1 Branch Access Points 2 | . 1 . . 1 . . . . . . . . . . . . . . . . . . . . . . . . . . Emergency Access Points 2 | . 1 . . . . . . . . . . . . . . . . . . . . . . . . . . . . 1 Terminal Index 2 | . . . 1 . . . . . . . . . . . . . . . 1 . . . . . . . . . . . Unreport Threat 4 | . . . . 2 . . . . . . . . . . . . . . . . . . . . . . . 2 . . Locate Traps 2 | . . . . . . . 1 . . . . . . . . . . . . . . . . . . . . 1 . . Recall Investigation 1 | . . . . . . . . . . . . 1 . . . . . . . . . . . . . . . . . . Recall Extermination 1 | . . . . . . . 1 . . . . . . . . . . . . . . . . . . . . . . . Hauler Manifests 2 | . . . 1 1 . . . . . . . . . . . . . . . . . . . . . . . . . . Registered Components 2 | . . . . . . . 1 . . . . . . . . . . . . . . . . 1 . . . . . . Zone Layout 12 | . 1 . 1 1 2 . . . . . . . . . . . . . . . . . . . 2 1 . 4 . . Proto ID Catalog 1 | . . . . . . . . . . . . . . . . . . . . . . . . . . . . 1 . . Fabricator Hacks 6 | . . . . . . . 1 . . . . 1 . . . . 1 . 1 . . . . . . . 1 1 . . Network Status 5 | . . . . . . . 1 . . . . 1 . . . . 1 . 1 . . . . . . . 1 . . . Build 1 | . . . . . . . . . . . . . . . . . . . . . . . . . . . . 1 . . Repair Station Hacks 8 | . . . 4 3 . . . . . . . . . . . . . . . . . . . . . . . 1 . . Scan Component 4 | . . . 2 2 . . . . . . . . . . . . . . . . . . . . . . . . . . Repair 3 | . . . 2 1 . . . . . . . . . . . . . . . . . . . . . . . . . . Refit 1 | . . . . . . . . . . . . . . . . . . . . . . . . . . . . 1 . . Recycling Unit Hacks 8 | . . . 1 . 3 . . . . . . 1 . . . . 2 . 1 . . . . . . . . . . . Retrieve Components 8 | . . . 1 . 3 . . . . . . 1 . . . . 2 . 1 . . . . . . . . . . . Scanalyzer 7 | . . . 6 . . . 1 . . . . . . . . . . . . . . . . . . . . . . . Insert Component 4 | . . . 3 . . . 1 . . . . . . . . . . . . . . . . . . . . . . . Analyze 3 | . . . 3 . . . . . . . . . . . . . . . . . . . . . . . . . . . Garrison Access Hacks 2 | . . . . . . . . . . . . . . . . . 1 . . . . . . . . . 1 . . . Seal Access 2 | . . . . . . . . . . . . . . . . . 1 . . . . . . . . . 1 . . . Unauthorized Hacks 68 | . 8 . 8 6 13 . 6 . . . . 3 . . . . 4 . 3 . . . . 2 1 3 3 8 . . Terminals 42 | . 8 . 7 6 8 . 1 . . . . . . . . . . . 1 . . . . 1 1 . 3 6 . . Track 3 | . . . . . . . . . . . . . . . . . . . . . . . . . 1 . 1 1 . . Assimilate 4 | . . . . . . . 1 . . . . . . . . . . . . . . . . . . . 1 2 . . Botnet 13 | . 2 . 2 1 3 . . . . . . . . . . . . . 1 . . . . 1 . . 1 2 . . Operators 1 | . . . . . . . . . . . . . . . . . . . . . . . . . . . . 1 . . Skim 21 | . 6 . 5 5 5 . . . . . . . . . . . . . . . . . . . . . . . . . Fabricators 2 | . . . . . . . 1 . . . . . . . . . . . 1 . . . . . . . . . . . Liberate 1 | . . . . . . . 1 . . . . . . . . . . . . . . . . . . . . . . . Fabnet 1 | . . . . . . . . . . . . . . . . . . . 1 . . . . . . . . . . . Repair Stations . | . . . . . . . . . . . . . . . . . . . . . . . . . . . . . . . Recycling Units 24 | . . . 1 . 5 . 4 . . . . 3 . . . . 4 . 1 . . . . 1 . 3 . 2 . . Mask 1 | . . . 1 . . . . . . . . . . . . . . . . . . . . . . . . . . . Tunnel 5 | . . . . . 5 . . . . . . . . . . . . . . . . . . . . . . . . . Fedlink 17 | . . . . . . . 4 . . . . 3 . . . . 4 . 1 . . . . 1 . 3 . 1 . . Scraphulk 1 | . . . . . . . . . . . . . . . . . . . . . . . . . . . . 1 . . Scanalyzers . | . . . . . . . . . . . . . . . . . . . . . . . . . . . . . . . Garrison Access . | . . . . . . . . . . . . . . . . . . . . . . . . . . . . . . . Data Cores Recovered 2 | . . . 1 . . . . . . . . . . . . . . . . . . . . . . . . . . 1 Used 1 | . . . . . . . . . . . . . . . . . . . . . . . . . . . . . . 1 Hacking Detections 90 | . 9 . 11 10 3 . 11 . . . . 5 . . . . 3 . 7 . . . . 1 10 5 3 10 . 2 Full Trace Events 6 | . 1 . . 1 . . . . . . . . . . . . 1 . . . . . . . . 1 . 2 . . Feedback Events . | . . . . . . . . . . . . . . . . . . . . . . . . . . . . . . . Feedback Blocked . | . . . . . . . . . . . . . . . . . . . . . . . . . . . . . . . Robot Schematics Acquired 4 | . . . . . . . . . . . . . . . . . . . . . . . . . . . . 4 . . Robots Built . | . . . . . . . . . . . . . . . . . . . . . . . . . . . . . . . Authchips . | . . . . . . . . . . . . . . . . . . . . . . . . . . . . . . . Time . | . . . . . . . . . . . . . . . . . . . . . . . . . . . . . . . Total Robot Build Rating . | . . . . . . . . . . . . . . . . . . . . . . . . . . . . . . . Part Schematics Acquired 16 | . . . 3 . . . 1 . . . . . . . 4 . . . . . . . . . . . . 8 . . Parts Built 2 | . . . . . . . . . . . . . . . . . . . . . . . . . . . . 2 . . Authchips . | . . . . . . . . . . . . . . . . . . . . . . . . . . . . . . . Time 46 | . . . . . . . . . . . . . . . . . . . . . . . . . . . . 46 . . Total Part Build Rating 18 | . . . . . . . . . . . . . . . . . . . . . . . . . . . . 18 . . Parts Repaired 3 | . . . 2 1 . . . . . . . . . . . . . . . . . . . . . . . . . . Time 81 | . . . 62 19 . . . . . . . . . . . . . . . . . . . . . . . . . . Parts Recycled . | . . . . . . . . . . . . . . . . . . . . . . . . . . . . . . . Recycled Matter . | . . . . . . . . . . . . . . . . . . . . . . . . . . . . . . . Retrieved Matter . | . . . . . . . . . . . . . . . . . . . . . . . . . . . . . . . Retrieved Components 16 | . . . 4 . 7 . . . . . . 3 . . . . 2 . . . . . . . . . . . . . Parts Scanalyzed 3 | . . . 3 . . . . . . . . . . . . . . . . . . . . . . . . . . . Part Schematics Acquired 3 | . . . 3 . . . . . . . . . . . . . . . . . . . . . . . . . . . Parts Damaged . | . . . . . . . . . . . . . . . . . . . . . . . . . . . . . . . Bothacking | -11 -10 -10 -9 -9 -9 -9 -6 -6 -6 -6 -5 -5 -5 -5 -5 -4 -4 -4 -4 -4 -4 -4 -3 -3 -3 -2 -2 -2 -1 -1 ------------ Run | Yrd Mat Min Mat Sto Rec Scr Fac Low Low Zio Pro Fac Upp Upp Zhi Pro Fac Was Fac Upp Upp War Pro Res Qua Res Tes Frg Acc Com Used RIF Installer . | . . . . . . . . . . . . . . . . . . . . . . . . . . . . . . . Robots Hacked 3 | . . . . . . . . . . . . . . . . . . . . . . . . . 1 . . 2 . . Non-combat . | . . . . . . . . . . . . . . . . . . . . . . . . . . . . . . . Combat 3 | . . . . . . . . . . . . . . . . . . . . . . . . . 1 . . 2 . . Robot Hacks Applied . | . . . . . . . . . . . . . . . . . . . . . . . . . . . . . . . Relay Couplers Released 2 | . . . . . . . . . . . . . . . . . . . . . . . . . . . . 2 . . Machine Destruction 2 | . . . . . . . . . . . . . . . . . . . . . . . . . . . . 2 . . Fabnet Peak Effective % 3 | . . . . . . . . . . . . . . . . . . . . . . . 3 3 3 1 1 1 . . Autooverrided 3 | . . . . . . . . . . . . . . . . . . . . . . . . . 1 . . 2 . . Robots Rewired . | . . . . . . . . . . . . . . . . . . . . . . . . . . . . . . . Allies Hacked . | . . . . . . . . . . . . . . . . . . . . . . . . . . . . . . . Hacks Repelled . | . . . . . . . . . . . . . . . . . . . . . . . . . . . . . . . Allies | -11 -10 -10 -9 -9 -9 -9 -6 -6 -6 -6 -5 -5 -5 -5 -5 -4 -4 -4 -4 -4 -4 -4 -3 -3 -3 -2 -2 -2 -1 -1 -------- Run | Yrd Mat Min Mat Sto Rec Scr Fac Low Low Zio Pro Fac Upp Upp Zhi Pro Fac Was Fac Upp Upp War Pro Res Qua Res Tes Frg Acc Com Total Allies 28 | . . 3 . 12 . . 4 . . 4 . . . . . . . . . . . . . . 1 . 1 3 . . Largest Group 10 | . . 3 3 10 . . 3 1 . 4 4 . . . . . . . . . . . . . 1 . 1 1 . . Highest-Rated Group 251 | . . 40 40 88 . . 87 10 . 251 251 . . . . . . . . . . . . . 82 . 45 139 . . Highest-Rated Ally 139 | . . 16 16 31 . . 29 10 . 96 96 . . . . . . . . . . . . . 82 . 45 139 . . Total Orders 3 | . . . . . . . . . . . . . . . . . . . . . . . . . . . . 2 . 1 STAY 1 | . . . . . . . . . . . . . . . . . . . . . . . . . . . . 1 . . FOLLOW 1 | . . . . . . . . . . . . . . . . . . . . . . . . . . . . 1 . . RETURN 1 | . . . . . . . . . . . . . . . . . . . . . . . . . . . . . . 1 Ally Attacks 283 | . . 4 35 90 . . 24 . . . 12 . . . . . . . . . . . . . 3 . . 32 . 83 Total Damage 9490 | . . 37 389 967 . . 340 . . . 478 . . . . . . . . . . . . . 26 . . 2069 . 5184 Kills 49 | . . 2 8 17 . . 5 . . . 2 . . . . . . . . . . . . . . . . 12 . 3 Allies Corrupted 1 | . . . . . . . . . . . . . . . . . . . . . . . . . . . . . . 1 Allies Melted 4 | . . . . . . . . . . . . . . . . . . . . . . 1 . . . . . 3 . . Intel | -11 -10 -10 -9 -9 -9 -9 -6 -6 -6 -6 -5 -5 -5 -5 -5 -4 -4 -4 -4 -4 -4 -4 -3 -3 -3 -2 -2 -2 -1 -1 ------- Run | Yrd Mat Min Mat Sto Rec Scr Fac Low Low Zio Pro Fac Upp Upp Zhi Pro Fac Was Fac Upp Upp War Pro Res Qua Res Tes Frg Acc Com Active Infowar (turns) 12876 | 15 1143 948 79 . . 1053 750 187 108 444 157 296 60 238 136 163 206 33 476 82 98 1023 93 99 457 371 173 3175 498 315 Optics 9545 | . . . . . . . 657 187 108 444 157 296 60 238 136 163 206 33 476 82 98 1023 93 99 457 371 173 3175 498 315 Sensors 5048 | . . . . . . . 743 187 108 444 157 281 60 229 122 163 175 30 476 82 98 212 93 99 455 366 . . 468 . Structural 6169 | . . . . . . 1053 750 187 108 444 157 288 . 75 30 105 175 32 476 82 98 846 89 99 422 371 168 114 . . Seismic 2185 | 15 1143 948 79 . . . . . . . . . . . . . . . . . . . . . . . . . . . Cloaking 1813 | . . . . . . . . . . . . . . . . . . . . . . . . . . . . 1128 498 187 Jamming 2702 | . . . . . . . . . . . . . . . . . . . . . . 2 . 7 128 7 15 2005 498 40 Robot Analysis Total 7 | . 1 . 2 . . . . . . . . . . . 4 . . . . . . . . . . . . . . . Derelict Logs Recovered 14 | . . 1 . . . . . 2 2 2 2 . 1 1 . . . . . 2 1 . . . . . . . . . Drone Launches 10 | . . . . . . . . . . . . . . . . . . . . . . . . . . . . . . 10 Drone Recoveries 4 | . . . . . . . . . . . . . . . . . . . . . . . . . . . . . . 4 Exploration | -11 -10 -10 -9 -9 -9 -9 -6 -6 -6 -6 -5 -5 -5 -5 -5 -4 -4 -4 -4 -4 -4 -4 -3 -3 -3 -2 -2 -2 -1 -1 ------------- Run | Yrd Mat Min Mat Sto Rec Scr Fac Low Low Zio Pro Fac Upp Upp Zhi Pro Fac Was Fac Upp Upp War Pro Res Qua Res Tes Frg Acc Com Turns Passed 20655 | 110 1143 948 2905 1680 1406 2810 750 187 108 444 157 296 60 238 136 163 206 33 476 82 98 1023 93 99 457 371 173 3175 498 330 Spaces Moved 23331 | 61 611 578 1057 558 575 2156 1506 368 214 1193 232 607 213 532 235 276 468 88 1282 238 316 1332 274 161 879 1085 454 4566 816 400 Core 263 | 14 . . . . . 244 . . . . . . . . . . . . . . . . . . . . . . . 5 Treads 3192 | . 248 578 1057 558 575 176 . . . . . . . . . . . . . . . . . . . . . . . . Legs 410 | 47 363 . . . . . . . . . . . . . . . . . . . . . . . . . . . . . Wheels 1736 | . . . . . . 1736 . . . . . . . . . . . . . . . . . . . . . . . . Hover 3995 | . . . . . . . . . . . . . . . . . . . . . . . . . . . . 2806 816 373 Flight 13735 | . . . . . . . 1506 368 214 1193 232 607 213 532 235 276 468 88 1282 238 316 1332 274 161 879 1085 454 1760 . 22 Fastest Speed 21 | 50 120 160 160 240 240 50 28 28 28 28 28 28 28 28 28 28 25 28 25 25 25 25 25 25 25 25 21 21 36 36 Average Speed 63 | 117 136 160 232 240 240 126 28 28 28 28 28 28 28 28 28 28 27 28 26 25 25 25 25 25 27 25 21 32 36 38 Slowest Speed 1550 | 150 160 160 240 240 240 1550 28 28 28 28 28 28 28 28 28 28 28 28 28 25 25 95 25 25 29 25 25 121 36 136 Overloaded Moves . | . . . . . . . . . . . . . . . . . . . . . . . . . . . . . . . Propulsion Burnouts . | . . . . . . . . . . . . . . . . . . . . . . . . . . . . . . . Robots Hopped 56 | . . . . . . . 6 . . . . 2 . . . . 4 . 3 . 1 . . . 6 10 1 23 . . Potential Cave-ins 17 | . . . . . . . . . . . . . . . . . . . . . . . . . . . . 11 6 . Cave-ins Triggered 1 | . . . . . . . . . . . . . . . . . . . . . . . . . . . . 1 . . Teleports 1 | . . . . . . . . . . . . . . . . . . . . . . . . . . . . 1 . . Exploration Rate (%) 58 | 5 95 97 92 94 89 95 41 59 40 87 56 17 51 67 63 64 19 76 26 53 57 92 54 6 82 35 72 80 25 20 Regions Visited 30 Branch Regions 20 Pre-discovered Areas 25 | . . 1 4 . 9 4 1 . 1 2 . . . . 3 . . . . . . . . . . . . . . . Known Exits Taken 25 | . 1 1 1 1 1 1 1 1 1 1 1 1 1 1 1 1 . . 1 1 1 1 1 1 1 1 1 . . . Unknown Exits Taken 3 | 1 . . . . . . . . . . . . . . . . . . . . . . . . . . . 1 1 . Scrap Searched 33 | . . 2 . . . 9 . 4 . 5 2 . 2 4 . 1 . . . 1 2 . 1 . . . . . . . Spaces Dug 254 | . . . . 1 . . 26 3 3 . 1 23 . 3 . 7 8 2 3 . 2 6 3 2 15 28 11 42 57 8 Terrain Destroyed 721 | . . 6 27 41 . . 40 3 3 . 1 49 . 3 . 7 8 2 3 . 2 134 3 2 15 28 11 194 122 17 Melee 89 | . . . . 1 . . 23 2 2 . 1 20 . 2 . 3 7 1 2 . 2 6 2 2 12 . 1 . . . Projectile 319 | . . . . . . . 3 1 1 . . 3 . 1 . 4 1 1 1 . . . 1 . 3 28 10 138 106 17 AOE 305 | . . 6 27 40 . . 14 . . . . 26 . . . . . . . . . 128 . . . . . 48 16 . Terrain Rammed . | . . . . . . . . . . . . . . . . . . . . . . . . . . . . . . . Walls Destroyed . | . . . . . . . . . . . . . . . . . . . . . . . . . . . . . . . Machines Disabled . | . . . . . . . . . . . . . . . . . . . . . . . . . . . . . . . Actions | -11 -10 -10 -9 -9 -9 -9 -6 -6 -6 -6 -5 -5 -5 -5 -5 -4 -4 -4 -4 -4 -4 -4 -3 -3 -3 -2 -2 -2 -1 -1 --------- Run | Yrd Mat Min Mat Sto Rec Scr Fac Low Low Zio Pro Fac Upp Upp Zhi Pro Fac Was Fac Upp Upp War Pro Res Qua Res Tes Frg Acc Com Total 27584 | 86 868 593 1320 723 588 2251 1774 446 256 1302 321 672 212 616 282 351 517 93 1398 259 327 1994 292 214 1004 1144 516 5750 926 489 Wait 2546 | 9 210 9 99 35 4 21 195 74 38 110 87 17 . 70 25 59 10 . 22 20 8 621 13 50 56 28 46 582 19 9 Move 23195 | 60 610 577 1056 557 574 2155 1493 367 213 1192 231 602 212 531 234 275 460 87 1275 237 313 1331 273 160 866 1064 451 4524 815 400 Hop 49 | . . . . . . . 6 . . . . 2 . . . . 4 . 3 . 1 . . . 6 10 1 16 . . Pick Up 172 | 5 10 1 25 10 . 30 5 . . . 1 3 . . 1 . 2 . 4 1 1 3 . . 4 3 1 51 7 4 Fast Attach 131 | 7 1 . 16 4 2 15 4 . . . . 3 . 3 6 1 1 . 5 . . 2 . . 6 6 2 42 3 2 Attach 110 | . 1 . 4 1 . 1 12 1 1 . . 6 . 4 . 3 8 3 2 . . 4 1 2 5 2 . 28 7 14 Detach 59 | . . . . . . . 5 1 1 . . 4 . 5 . 3 6 1 1 . . 4 1 . 4 . 1 17 3 2 Swap 134 | . 2 2 8 17 . 1 2 . . . . . . . 1 2 . . . 1 . 4 1 . 2 . . 83 1 7 Drop 180 | . 5 . 24 13 2 28 18 . . . 1 2 . . 5 1 . . 6 . 1 5 . . 9 3 2 49 5 1 Fire 646 | 5 27 4 87 81 6 . 6 1 1 . . 7 . 1 . 4 1 1 1 . . 5 1 . 8 28 11 248 66 46 Melee 154 | . . . . 4 . . 28 2 2 . 1 26 . 2 10 3 12 1 7 . 3 7 2 2 38 . 1 3 . . Ram 1 | . . . . . . . . . . . . . . . . . . . . . . . . . . . . 1 . . Kick 1 | . 1 . . . . . . . . . . . . . . . . . . . . . . . . . . . . . Crush 3 | . 1 . 1 1 . . . . . . . . . . . . . . . . . . . . . . . . . . Escape Stasis 188 | . . . . . . . . . . . . . . . . . 13 . 72 . . . . . . . . 102 . 1 Rewire 7 | . . . . . . . . . . . . . . . . . . . . . . . . . . . . 4 . 3 Trap . | . . . . . . . . . . . . . . . . . . . . . . . . . . . . . . . Miscellaneous 8 | . . . . . . . . . . . . . . . . . . . . . . 8 . . . . . . . . Route ------- -11/Scrapyard -10/Materials (discovered 6 exits: *Mat x3 / *Min x2 / *Sub) -10/Mines (discovered 2 exits: *Mat x2) -9/Materials (discovered 6 exits: *Mat x3 / [*Min] / *Sto x2) -9/Storage (discovered 2 exits: *Mat / *Rec) -9/Recycling (discovered 2 exits: *Fac / *Scr) -9/Scraptown (discovered 2 exits: *Fac x2) -6/Factory (discovered 8 exits: *Fac x4 / *Low x2 / *Ext x2) -6/Lower Caves -6/Lower Caves (discovered 2 exits: Fac / *Zio) -6/Zion -5/Proximity Caves -5/Factory (discovered 2 exits: *Upp x2) -5/Upper Caves -5/Upper Caves (discovered 2 exits: Fac / *Zhi) -5/Zhirov -4/Proximity Caves -4/Factory (discovered 2 exits: *Res / Arm) -4/Waste -4/Factory (discovered 3 exits: *Upp x2 / Arm) -4/Upper Caves -4/Upper Caves -4/Warlord -3/Proximity Caves -3/Research -3/Quarantine -2/Research (discovered 2 exits: [*Acc] / *Tes) -2/Testing (discovered 3 exits: [*Acc] / [*Sec] / *Frg) -2/Protoforge -1/Access -1/Command History --------- Turn | Location | Event 22 | -11/Scrapyard | Discovered new exit (range 15) 111 | -11/Scrapyard | Entered Materials 284 | -10/Materials | Discovered new exit (range 12) 314 | -10/Materials | Build established: Mutant 334 | -10/Materials | Discovered new exit (range 14) 475 | -10/Materials | Discovered new exit (range 8) 550 | -10/Materials | Identified exit to Mines 589 | -10/Materials | Discovered new exit (range 13) 775 | -10/Materials | Identified exit to Subcaves 775 | -10/Materials | Identified exit to Materials 852 | -10/Materials | Learned location of 2 exits from Materials 919 | -10/Materials | Learned 2 Mines zone layouts 978 | -10/Materials | Learned location of 1 exit from Recycling 1029 | -10/Materials | Loaded intel: 8 trap records 1180 | -10/Materials | Learned location of 1 exit from Recycling 1211 | -10/Materials | Derelicts attacked the area 1254 | -10/Materials | Entered Mines 1434 | -10/Mines | Assisted by bots powering up and referring to "LRC-V3" 1501 | -10/Mines | Learned location of Zion (-6) 2202 | -10/Mines | Entered Materials 2202 | -9/Materials | Accompanied by 3 allies 2202 | -9/Materials | Evolved 2 slots: Propulsion x1, Weapon x1 2203 | -9/Materials | Identified exit to Storage 2204 | -9/Materials | Identified exit to Materials 2356 | -9/Materials | Repaired Broken Assault Rifle 2385 | -9/Materials | Repaired Assault Rifle 2686 | -9/Materials | Build established: Tank 2998 | -9/Materials | Discovered exit to Materials (range 12) 3274 | -9/Materials | Discovered new exit (range 6) 3801 | -9/Materials | Discovered exit to Storage (range 6) 3905 | -9/Materials | Learned location of 2 exits from Materials 3947 | -9/Materials | Learned location of 1 exit from Storage 3977 | -9/Materials | Learned 4 Recycling zone layouts 4009 | -9/Materials | Learned Storage emergency access door positions 4020 | -9/Materials | Learned Recycling recycling unit intel 4114 | -9/Materials | Build established: Scavenger-Tank 5107 | -9/Materials | Entered Storage 5160 | -9/Storage | Met a pair of Derelict thieves 5399 | -9/Storage | Garrison activated, responded to threat 5709 | -9/Storage | Assisted by bots powering up and referring to "LRC-V3" 5907 | -9/Storage | First assault squad dispatched 5973 | -9/Storage | Lost 4 allies 6375 | -9/Storage | Build established: Tank 6496 | -9/Storage | Identified exit to Recycling 6545 | -9/Storage | Repaired Lgt. Nuclear Core 6577 | -9/Storage | Learned Storage emergency access door positions 6649 | -9/Storage | Learned location of 3 exits from Materials 6780 | -9/Storage | Used back door to open Recycling access 6787 | -9/Storage | Entered Recycling 6788 | -9/Recycling | Identified exit to Scraptown 6788 | -9/Recycling | Identified exit to Factory 6790 | -9/Recycling | Loaded intel: 5 recycling unit locations 7758 | -9/Recycling | Learned 8 Materials zone layouts 7812 | -9/Recycling | Learned location of 2 exits from Materials 7894 | -9/Recycling | Learned location of 1 exit from Storage 7973 | -9/Recycling | Learned location of 2 exits from Materials 8012 | -9/Recycling | Learned Storage non-interactive machine intel 8060 | -9/Recycling | Learned Storage stockpile data 8125 | -9/Recycling | Scanned before Scraplab entrance 8164 | -9/Recycling | Entered Scraplab 8193 | -9/Recycling | Entered Scraptown 8807 | -9/Scraptown | Discovered new exit (range 5) 8898 | -9/Scraptown | Visited Bundlers 9045 | -9/Scraptown | Visited Assassins FH 9321 | -9/Scraptown | Visited Comm Corps 9374 | -9/Scraptown | Visited Awakened 9500 | -9/Scraptown | Visited IN-MT5's Study 9600 | -9/Scraptown | Visited CPS Storage 9625 | -9/Scraptown | Visited Science Testing Area 9664 | -9/Scraptown | Visited UFD Registry 9664 | -9/Scraptown | Registered with UFD as "Plasmalever" 9704 | -9/Scraptown | Visited Cartography Club 9769 | -9/Scraptown | Learned location of Lower Caves (-6) 9769 | -9/Scraptown | Learned location of Cetus (-6) 9769 | -9/Scraptown | Learned 24 Factory zone layouts 9769 | -9/Scraptown | Learned 16 Research zone layouts 9769 | -9/Scraptown | Learned 4 Access zone layouts 9769 | -9/Scraptown | Learned 16 Lower Caves zone layouts 9769 | -9/Scraptown | Learned 20 Lower Caves zone layouts 9769 | -9/Scraptown | Learned 16 Upper Caves zone layouts 9769 | -9/Scraptown | Learned 8 Proximity Caves zone layouts 9769 | -9/Scraptown | Learned 20 Proximity Caves zone layouts 9769 | -9/Scraptown | Learned Materials emergency access door positions 9769 | -9/Scraptown | Learned location of 2 exits from Factory 9769 | -9/Scraptown | Learned location of 3 exits from Lower Caves 9769 | -9/Scraptown | Learned location of 3 exits from Upper Caves 9769 | -9/Scraptown | Identified exit to Factory 9832 | -9/Scraptown | Found Deep Structural Scanner 9992 | -9/Scraptown | Visited Scrap Suit Storage 10028 | -9/Scraptown | Build established: Mutant 10133 | -9/Scraptown | Visited Scrapoid Research Area 10175 | -9/Scraptown | Visited Observation Area 10219 | -9/Scraptown | Visited Research Penetration Think Tank 10243 | -9/Scraptown | Visited DA-N13 Charitable Foundation 10256 | -9/Scraptown | Found DCF Scrap (29 items) 10283 | -9/Scraptown | Visited A0-MCA Data Center 10292 | -9/Scraptown | Given a D rating by A0-MCA 10319 | -9/Scraptown | Found A0-MCA's Component Scanner 10346 | -9/Scraptown | Visited Infowarlord's Domain 10351 | -9/Scraptown | Found Exp. Signal Interpreter 10370 | -9/Scraptown | Visited Chapter 10 10923 | -9/Scraptown | Met Optimus 10923 | -9/Scraptown | Accepted into 0bPrime 11003 | -9/Scraptown | Entered Factory 11003 | -6/Factory | Evolved 6 slots: Propulsion x2, Utility x4 11004 | -6/Factory | Identified exit to Factory 11005 | -6/Factory | Identified exit to Lower Caves 11006 | -6/Factory | Identified exit to Extension 11046 | -6/Factory | Loaded intel: 8 recycling unit locations 11251 | -6/Factory | Learned location of Protoforge (-2) 11315 | -6/Factory | Build established: Scout 11408 | -6/Factory | Discovered exit to Lower Caves (range 4) 11641 | -6/Factory | Discovered exit to Extension (range 13) 11753 | -6/Factory | Entered Lower Caves 11753 | -6/Lower Caves | Accompanied by 1 ally 11754 | -6/Lower Caves | Identified exit to Lower Caves 11762 | -6/Lower Caves | Learned 8 Factory zone layouts 11806 | -6/Lower Caves | Spotted B-75 Beast 11940 | -6/Lower Caves | Entered another Lower Caves area 11941 | -6/Lower Caves | Identified exit to Zion 11968 | -6/Lower Caves | Entered a destroyed Warlord outpost 11970 | -6/Lower Caves | Learned Factory non-interactive machine intel 12048 | -6/Lower Caves | Entered Zion 12094 | -6/Zion | Discovered new exit (range 17) 12158 | -6/Zion | Given the Hacking Drone Bay 12177 | -6/Zion | Learned Factory emergency access door positions 12190 | -6/Zion | Turned away by Imprinter 12204 | -6/Zion | Given A8's code to call for help 12281 | -6/Zion | Learned location of Armory (-4) 12331 | -6/Zion | Enhanced Grunt warped into view, answering call for help 12332 | -6/Zion | Enhanced Grunt warped into view, answering call for help 12432 | -6/Zion | Gained Derelict followers 12483 | -6/Zion | Identified exit to Proximity Caves 12492 | -6/Zion | Entered Proximity Caves 12492 | -5/Proximity Caves | Accompanied by 4 allies 12535 | -5/Proximity Caves | Learned Factory garrison access intel 12589 | -5/Proximity Caves | Learned Factory security intel 12649 | -5/Proximity Caves | Entered Factory 12649 | -5/Factory | Evolved 2 slots: Propulsion x1, Utility x1 12650 | -5/Factory | Identified exit to Upper Caves 12654 | -5/Factory | Loaded intel: 237 non-interactive machine locations 12655 | -5/Factory | Loaded intel: 2 garrison access locations 12686 | -5/Factory | Loaded intel: 8 recycling unit locations 12945 | -5/Factory | Entered Upper Caves 12946 | -5/Upper Caves | Identified exit to Upper Caves 12966 | -5/Upper Caves | Learned Factory emergency access door positions 12968 | -5/Upper Caves | Lost 3 parts (2u1w) 12994 | -5/Upper Caves | Encountered a Warlord checkpoint 13005 | -5/Upper Caves | Entered another Upper Caves area 13006 | -5/Upper Caves | Identified exit to Factory 13006 | -5/Upper Caves | Identified exit to Zhirov 13046 | -5/Upper Caves | Attracted the attention of an 0b10 checkpoint 13243 | -5/Upper Caves | Entered Zhirov 13243 | -5/Zhirov | Discovered new exit (range 3) 13249 | -5/Zhirov | Met Zhirov 13254 | -5/Zhirov | Learned location of Quarantine (-3) 13254 | -5/Zhirov | Learned location of Command (-1) 13259 | -5/Zhirov | Zhirov requested help retrieving the SGEMP Prototype 13264 | -5/Zhirov | Found Alien Artifact 13264 | -5/Zhirov | Identified Integrated Dissipator 13264 | -5/Zhirov | Installed Integrated Dissipator, increased core heat dissipation (+20) 13270 | -5/Zhirov | Found Alien Artifact 13379 | -5/Zhirov | Identified exit to Proximity Caves 13379 | -5/Zhirov | Entered Proximity Caves 13458 | -4/Proximity Caves | Spotter reported a threat 13542 | -4/Proximity Caves | Entered Factory 13542 | -4/Factory | Evolved 2 slots: Power x1, Utility x1 13543 | -4/Factory | Identified exit to Armory 13570 | -4/Factory | Discovered new exit (range 10) 13581 | -4/Factory | Lost 4 parts (2p1n1u) 13587 | -4/Factory | Identified exit to Research 13590 | -4/Factory | Loaded intel: 8 recycling unit locations 13635 | -4/Factory | Found Com. Tesla Bomb Launcher 13650 | -4/Factory | Allied Derelicts emerged from ambush trap array 13748 | -4/Factory | Sucked down chute 13748 | -4/Factory | Entered Waste 13763 | -4/Waste | EMP discharged 13763 | -4/Waste | System corruption reached 10% 13766 | -4/Waste | Spotted C-40 Crusher 13768 | -4/Waste | Spotted C-40 Crusher 13768 | -4/Waste | Spotted C-40 Crusher 13772 | -4/Waste | Spotted C-40 Crusher 13775 | -4/Waste | Discovered new exit (range 21) 13781 | -4/Waste | Identified exit to Factory 13781 | -4/Waste | Entered Factory 13833 | -4/Factory | Discovered new exit (range 3) 13834 | -4/Factory | Identified exit to Upper Caves 13913 | -4/Factory | Spotted B-86 Titan 14030 | -4/Factory | Loaded intel: 8 recycling unit locations 14126 | -4/Factory | Discovered exit to Upper Caves (range 14) 14257 | -4/Factory | Entered Upper Caves 14297 | -4/Upper Caves | Learned Research garrison access intel 14333 | -4/Upper Caves | Discovered new exit (range 18) 14339 | -4/Upper Caves | Identified exit to Upper Caves 14339 | -4/Upper Caves | Entered another Upper Caves area 14358 | -4/Upper Caves | Spotted B-86 Titan 14387 | -4/Upper Caves | Found Alien Artifact 14414 | -4/Upper Caves | Discovered new exit (range 17) 14425 | -4/Upper Caves | Learned Research terminal intel 14436 | -4/Upper Caves | Identified exit to Warlord 14437 | -4/Upper Caves | Entered Warlord 14446 | -4/Warlord | System corruption cleaned by Quarantine Array 14540 | -4/Warlord | Learned Quarantine trap positions 14540 | -4/Warlord | Learned 4 Armory zone layouts 14540 | -4/Warlord | Learned 4 Access zone layouts 14540 | -4/Warlord | Learned Armory security intel 14587 | -4/Warlord | Warlord's base attacked by MAIN.C 14610 | -4/Warlord | Rebuked by Warlord 14634 | -4/Warlord | Found Vortex Cannon 14932 | -4/Warlord | P-70 Sage assimilated allied MR-1H5(Y) 14933 | -4/Warlord | Spotted Striker 14937 | -4/Warlord | Warlord forces counterattacked 14947 | -4/Warlord | Build established: Infiltrator-Sprinter 14978 | -4/Warlord | Lost 3 allies 15050 | -4/Warlord | Spotted Executioner 15053 | -4/Warlord | Spotted Striker 15150 | -4/Warlord | Lost 29 allies 15175 | -4/Warlord | Spotted Executioner 15232 | -4/Warlord | Spotted Striker 15262 | -4/Warlord | Warlord base infiltrated, sounded retreat 15263 | -4/Warlord | Enhanced Grunt warped into view 15263 | -4/Warlord | Enhanced Grunt warped into view 15263 | -4/Warlord | Enhanced Grunt warped into view 15263 | -4/Warlord | Enhanced Demolisher warped into view 15263 | -4/Warlord | Enhanced Demolisher warped into view 15263 | -4/Warlord | Enhanced Demolisher warped into view 15278 | -4/Warlord | Lost 4 allies 15376 | -4/Warlord | Spotted Executioner 15376 | -4/Warlord | Spotted Striker 15428 | -4/Warlord | Spotted Striker 15436 | -4/Warlord | Spotted Striker 15454 | -4/Warlord | Discovered new exit (range 20) 15459 | -4/Warlord | Identified exit to Proximity Caves 15460 | -4/Warlord | Entered Proximity Caves 15547 | -3/Proximity Caves | Discovered exit to Research (range 20) 15553 | -3/Proximity Caves | Entered Research 15553 | -3/Research | Evolved 2 slots: Propulsion x1, Utility x1 15554 | -3/Research | Identified exit to Quarantine 15555 | -3/Research | Loaded intel: 22 terminal locations 15556 | -3/Research | Loaded intel: 4 garrison access locations 15591 | -3/Research | Loaded intel: 5 recycling unit locations 15652 | -3/Research | Entered Quarantine 15653 | -3/Quarantine | Loaded intel: 30 trap records 15670 | -3/Quarantine | Cryocooling Duct disabled 15685 | -3/Quarantine | Ambient heat levels rising (+20) 15685 | -3/Quarantine | Non-combat units ordered to evacuate 15826 | -3/Quarantine | Found Alien Slashing Weapon 15826 | -3/Quarantine | Identified Sigix Broadsword 15848 | -3/Quarantine | Found Alien Artifact 15894 | -3/Quarantine | Found Alien Artifact 15911 | -3/Quarantine | Build established: Infiltrator-Ninja 15956 | -3/Quarantine | Discovered new exit (range 20) 15964 | -3/Quarantine | Identified exit to Research 15969 | -3/Quarantine | Found Alien Artifact 15969 | -3/Quarantine | Identified Core Reset Matrix 15969 | -3/Quarantine | Identified Dimensional Node Initializer 15969 | -3/Quarantine | Identified Terrabomb 15969 | -3/Quarantine | Identified Subatomic Replicator 15969 | -3/Quarantine | Identified Transdimensional Reconstructor 15969 | -3/Quarantine | Used Core Reset Matrix 15973 | -3/Quarantine | Detected hypermatrix surge 15973 | -3/Quarantine | Sensed 10 artifacts in vicinity 15973 | -3/Quarantine | Discovered exit to Research (range 15) 16091 | -3/Quarantine | Used Subatomic Replicator to create Supercharged TR 16109 | -3/Quarantine | Entered Research 16109 | -2/Research | Evolved 2 slots: Utility x2 16162 | -2/Research | Discovered new exit (range 22) 16271 | -2/Research | Found Exp. Core Analyzer 16281 | -2/Research | Spotted B-90 Cyclops 16293 | -2/Research | Loaded intel: 4 recycling unit locations 16433 | -2/Research | Discovered new exit (range 15) 16457 | -2/Research | Identified exit to Testing 16480 | -2/Research | Entered Testing 16516 | -2/Testing | Found Ragnarok Missile Launcher 16579 | -2/Testing | Discovered new exit (range 13) 16607 | -2/Testing | Spotted Fortress 16622 | -2/Testing | Discovered new exit (range 6) 16622 | -2/Testing | Discovered new exit (range 7) 16623 | -2/Testing | Identified exit to Protoforge 16653 | -2/Testing | Entered Protoforge 16654 | -2/Protoforge | Sensed 2 artifacts in vicinity 16687 | -2/Protoforge | Superfortress began startup sequence 16744 | -2/Protoforge | Spotted Hotshot 16744 | -2/Protoforge | Spotted Hotshot 16747 | -2/Protoforge | Spotted Hotshot 16747 | -2/Protoforge | Spotted Hotshot 16762 | -2/Protoforge | Build established: Hacker-Sprinter 16803 | -2/Protoforge | Used Terrabomb 16803 | -2/Protoforge | Additional patrols dispatched to research labs 16805 | -2/Protoforge | Spotted Immortal 16806 | -2/Protoforge | Spotted Immortal 16806 | -2/Protoforge | Crushed by falling debris 16807 | -2/Protoforge | System corruption reached 10% 16807 | -2/Protoforge | Spotted V494-u 16837 | -2/Protoforge | Lost 4 parts (1n3u) 16971 | -2/Protoforge | Spotted EXE-6 16971 | -2/Protoforge | Spotted EXE-6 16976 | -2/Protoforge | Spotted SKR-2 16982 | -2/Protoforge | UFD initiated attack on Protoforge 16982 | -2/Protoforge | Loaded intel: 3 recycling unit locations 16988 | -2/Protoforge | Lost 4 parts (1p2n1u) 16998 | -2/Protoforge | Scraphulk reinforcements arrived 17016 | -2/Protoforge | Spotted SKR-2 17017 | -2/Protoforge | Spotted SKR-2 17018 | -2/Protoforge | Optimus greeted in Protoforge 17045 | -2/Protoforge | Found Cep. XC Strikerail 17047 | -2/Protoforge | Found Exp. Core Analyzer 17065 | -2/Protoforge | Spotted EXE-6 17067 | -2/Protoforge | Lost 5 allies 17076 | -2/Protoforge | Initialized slip node 17101 | -2/Protoforge | Warped through subspace to slip node 17102 | -2/Protoforge | Optimus attacked Superfortress 17105 | -2/Protoforge | Spotted Hotshot 17109 | -2/Protoforge | Spotted AP7-3 17110 | -2/Protoforge | Spotted AP7-3 17122 | -2/Protoforge | Met 7R-MNS 17139 | -2/Protoforge | Destroyed 02F07-K 17148 | -2/Protoforge | Found Cep. Zero-point Core 17149 | -2/Protoforge | Found Cep. NT7 Matterbank 17189 | -2/Protoforge | Found Cep. XC Strikerail 17191 | -2/Protoforge | Forge Plexus network access discovered 17207 | -2/Protoforge | Lost 26 allies 17272 | -2/Protoforge | Fabricated Cmb. Linear Gravjet (x2) 17350 | -2/Protoforge | Build established: Scavenger-Sprinter 17369 | -2/Protoforge | UFD reported confirmed Drillbomb installation 17436 | -2/Protoforge | Lost 3 allies 17529 | -2/Protoforge | Spotted Executioner 17540 | -2/Protoforge | Spotted Executioner 17559 | -2/Protoforge | Destroyed Executioner 17591 | -2/Protoforge | Destroyed 7 combat bots 17622 | -2/Protoforge | Spotted Executioner 17631 | -2/Protoforge | Spotted Striker 17644 | -2/Protoforge | Destroyed Executioner 17652 | -2/Protoforge | Spotted Executioner 17652 | -2/Protoforge | Spotted Executioner 17655 | -2/Protoforge | Destroyed Executioner 17655 | -2/Protoforge | Destroyed Executioner 17681 | -2/Protoforge | Destroyed 12 combat bots 17691 | -2/Protoforge | Spotted Decapitator 17691 | -2/Protoforge | Spotted Decapitator 17691 | -2/Protoforge | Spotted Decapitator 17692 | -2/Protoforge | Destroyed Decapitator 17692 | -2/Protoforge | Destroyed Decapitator 17692 | -2/Protoforge | Destroyed Decapitator 17704 | -2/Protoforge | Scanned by Researcher 17730 | -2/Protoforge | Found Cep. Combat Aerolev Unit 17819 | -2/Protoforge | Found Cep. Antigrav Storage Unit 17822 | -2/Protoforge | Found Cep. Chromion Battery 17834 | -2/Protoforge | Found Crosscalibrator 17839 | -2/Protoforge | Spotted Immortal 17839 | -2/Protoforge | Spotted Immortal 17842 | -2/Protoforge | Spotted Decapitator 17842 | -2/Protoforge | Spotted Decapitator 17842 | -2/Protoforge | Spotted Decapitator 17846 | -2/Protoforge | Destroyed Decapitator 17846 | -2/Protoforge | Destroyed Decapitator 17849 | -2/Protoforge | Destroyed Decapitator 17902 | -2/Protoforge | Found Faulty Cep. Zero-point Core 17907 | -2/Protoforge | Spotted V391-y 17912 | -2/Protoforge | Destroyed V391-y 17917 | -2/Protoforge | Found Spectral Analyzer 17919 | -2/Protoforge | Found Cep. Zero-point Core 17922 | -2/Protoforge | Found Exp. Targeting Computer 17924 | -2/Protoforge | Found Exp. Shock Absorption System 17972 | -2/Protoforge | Destroyed Immortal 17976 | -2/Protoforge | Found Exp. Melee Analysis Suite 17978 | -2/Protoforge | Found Exp. Cloaking Device 17979 | -2/Protoforge | Found Cep. Antimissile System 18002 | -2/Protoforge | Build established: Scavenger-Gunner 18025 | -2/Protoforge | Destroyed Immortal 18058 | -2/Protoforge | Found Exp. Active Sensor Suite 18091 | -2/Protoforge | Spotted V756-f 18107 | -2/Protoforge | Spotted Decapitator 18107 | -2/Protoforge | Spotted V763-b 18107 | -2/Protoforge | Spotted V169-s 18117 | -2/Protoforge | Spotted Decapitator 18138 | -2/Protoforge | Found Cep. XC Strikerail 18139 | -2/Protoforge | Found Cep. XC Strikerail 18141 | -2/Protoforge | Found Cep. Plasma Driver 18144 | -2/Protoforge | Found Faulty Cep. Plasma Driver 18155 | -2/Protoforge | Found Exp. Jetlance 18157 | -2/Protoforge | Found Cep. Miniperforator 18160 | -2/Protoforge | Found Faulty Cep. XC Strikerail 18164 | -2/Protoforge | Found Exp. Jetlance 18194 | -2/Protoforge | Spotted V648-w 18265 | -2/Protoforge | UFD reported confirmed Drillbomb installation 18272 | -2/Protoforge | Spotted V527-p 18281 | -2/Protoforge | Found Cep. Hardlight Director 18284 | -2/Protoforge | Spotted V508-n 18286 | -2/Protoforge | Found Cep. RG22 Armor 18445 | -2/Protoforge | Spotted V307-r 18450 | -2/Protoforge | Spotted V938-c 18463 | -2/Protoforge | Destroyed V938-c 18503 | -2/Protoforge | UFD reported confirmed Drillbomb installation 18535 | -2/Protoforge | Found Cep. Rapid Grenade Launcher 18566 | -2/Protoforge | Spotted AP7-3 18566 | -2/Protoforge | Spotted AP7-3 18613 | -2/Protoforge | Destroyed AP7-3 18623 | -2/Protoforge | Destroyed AP7-3 18631 | -2/Protoforge | Found Cep. XC Strikerail 18664 | -2/Protoforge | Found Faulty Cep. Thermoelectric Network 18666 | -2/Protoforge | Found Faulty Cep. Cloak Mesh 18669 | -2/Protoforge | Found Faulty Cep. Cloak Mesh 18672 | -2/Protoforge | Found Faulty Cep. Thermoelectric Network 18675 | -2/Protoforge | Found Cep. Impact Drone Bay 18785 | -2/Protoforge | UFD reported confirmed Drillbomb installation 18868 | -2/Protoforge | Spotted Striker 18868 | -2/Protoforge | Spotted Striker 18897 | -2/Protoforge | Found Cep. Matter Streamer 18929 | -2/Protoforge | Spotted Executioner 18938 | -2/Protoforge | Spotted Striker 18938 | -2/Protoforge | Destroyed Striker 18950 | -2/Protoforge | System corruption reached 30% 18958 | -2/Protoforge | Destroyed Executioner 18971 | -2/Protoforge | Spotted Striker 18972 | -2/Protoforge | Spotted Striker 18985 | -2/Protoforge | Destroyed 7 combat bots 18985 | -2/Protoforge | Core integrity fell below 50% 18987 | -2/Protoforge | Destroyed Striker 19052 | -2/Protoforge | Spotted Executioner 19103 | -2/Protoforge | Found Exp. Core Analyzer 19108 | -2/Protoforge | Found Exp. Targeting Computer 19145 | -2/Protoforge | Spotted Executioner 19145 | -2/Protoforge | Spotted Striker 19149 | -2/Protoforge | Destroyed Striker 19178 | -2/Protoforge | Spotted Executioner 19187 | -2/Protoforge | Spotted Executioner 19190 | -2/Protoforge | Destroyed Executioner 19210 | -2/Protoforge | Destroyed Executioner 19231 | -2/Protoforge | Destroyed 16 combat bots 19316 | -2/Protoforge | Spotted Executioner 19338 | -2/Protoforge | Spotted Executioner 19351 | -2/Protoforge | Spotted Executioner 19353 | -2/Protoforge | Spotted Striker 19355 | -2/Protoforge | Destroyed Striker 19370 | -2/Protoforge | Spotted Striker 19370 | -2/Protoforge | Destroyed Executioner 19372 | -2/Protoforge | Spotted Striker 19377 | -2/Protoforge | Destroyed Striker 19377 | -2/Protoforge | Destroyed Striker 19397 | -2/Protoforge | Found Cep. Plasma Driver 19398 | -2/Protoforge | Destroyed 9 combat bots 19403 | -2/Protoforge | Found Faulty Cep. XC Strikerail 19514 | -2/Protoforge | Spotted Executioner 19516 | -2/Protoforge | Destroyed Executioner 19526 | -2/Protoforge | Found Exp. Core Analyzer 19560 | -2/Protoforge | Spotted Striker 19562 | -2/Protoforge | Spotted Executioner 19564 | -2/Protoforge | Spotted Striker 19566 | -2/Protoforge | Spotted Striker 19572 | -2/Protoforge | Destroyed Striker 19582 | -2/Protoforge | Destroyed Striker 19614 | -2/Protoforge | Spotted Hotshot 19614 | -2/Protoforge | Spotted Hotshot 19616 | -2/Protoforge | Spotted Striker 19616 | -2/Protoforge | Spotted Striker 19633 | -2/Protoforge | Spotted Striker 19634 | -2/Protoforge | Spotted Executioner 19639 | -2/Protoforge | Destroyed Executioner 19645 | -2/Protoforge | Spotted Executioner 19657 | -2/Protoforge | Spotted Striker 19657 | -2/Protoforge | Spotted Striker 19658 | -2/Protoforge | Destroyed Hotshot 19658 | -2/Protoforge | Destroyed Striker 19666 | -2/Protoforge | Discovered new exit (range 9) 19678 | -2/Protoforge | Spotted Striker 19682 | -2/Protoforge | Destroyed 27 combat bots 19695 | -2/Protoforge | Lost 6 parts (1p1n1u3w) 19733 | -2/Protoforge | UFD reported confirmed Drillbomb installation 19739 | -2/Protoforge | UFD reported confirmed Drillbomb installation 19756 | -2/Protoforge | Spotted Executioner 19759 | -2/Protoforge | Spotted Executioner 19760 | -2/Protoforge | Lost 8 allies 19777 | -2/Protoforge | Spotted Executioner 19791 | -2/Protoforge | Destroyed Executioner 19828 | -2/Protoforge | Entered Access 19828 | -1/Access | Evolved 2 slots: Power x1, Utility x1 19835 | -1/Access | Lost 5 allies 19898 | -1/Access | Spotted Executioner 19898 | -1/Access | Spotted Executioner 19921 | -1/Access | High security lockdown imminent 19921 | -1/Access | Destroyed Executioner 19925 | -1/Access | Destroyed Executioner 19939 | -1/Access | Spotted B-99 Colossus 19939 | -1/Access | Spotted B-99 Colossus 19980 | -1/Access | Spotted Striker 19980 | -1/Access | Spotted Striker 19986 | -1/Access | Destroyed Striker 19989 | -1/Access | Destroyed Striker 20001 | -1/Access | High security lockdown engaged 20043 | -1/Access | Spotted Striker 20043 | -1/Access | Spotted Striker 20093 | -1/Access | Destroyed Striker 20103 | -1/Access | Destroyed Striker 20130 | -1/Access | Build established: Scavenger-Scout 20319 | -1/Access | Discovered new exit (range 6) 20326 | -1/Access | Entered Command 20365 | -1/Command | Spotted M Guard 20365 | -1/Command | Spotted M Guard 20366 | -1/Command | Spotted Combat Programmer 20366 | -1/Command | Spotted Combat Programmer 20395 | -1/Command | Destroyed Combat Programmer 20412 | -1/Command | Destroyed Combat Programmer 20426 | -1/Command | Allies destroyed M Guard 20431 | -1/Command | Allies destroyed M Guard 20431 | -1/Command | All MAIN.C guards destroyed 20454 | -1/Command | Lost 5 parts (1p2n2u) 20485 | -1/Command | Met MAIN.C 20488 | -1/Command | 0b10 Conduit disabled 20596 | -1/Command | MAIN.C activated Command garrisons 20609 | -1/Command | Allies destroyed MAIN.C Shell 20624 | -1/Command | Lost 12 parts (1p2n4u5w) 20641 | -1/Command | Spotted Alpha 7 20641 | -1/Command | Released all parts (11) 20644 | -1/Command | Spotted Striker 20645 | -1/Command | Spotted B-99 Colossus 20646 | -1/Command | Spotted Alpha 7 20647 | -1/Command | Spotted Striker 20648 | -1/Command | Core integrity fell below 50% 20649 | -1/Command | Spotted Executioner 20649 | -1/Command | Spotted Executioner 20650 | -1/Command | Spotted Executioner 20650 | -1/Command | Spotted Executioner 20652 | -1/Command | Emitted hypermatrix ping 20652 | -1/Command | Spotted B-99 Colossus 20653 | -1/Command | Spotted B-99 Colossus 20654 | -1/Command | Core integrity fell below 20% 20656 | -1/Command | Destroyed by C-57 Dissector with Dual-blade Saw Last Messages --------------- 20653_ Slug penetrates Executioner. 20653_ Slug penetrates Wall. 20653_ Penetrated by Slug. 20653_ Slug penetrates Wall. 20654_ Knocked back. 20654_ Penetrated by Slug. 20654_ Slug penetrates Wall. 20655_ Slug penetrates Executioner. 20655_ Slug penetrates Wall. 20655_ Penetrated by Slug. 20655_ Triggered Stasis Trap. 20655_ A bubble of rippling energy engulfs the area. 20655_ Field strength at 94. 20655_ S-43 Plague destroyed. 20655_ Penetrated by Slug. 20655_ Slug penetrates Wall. 20656_ Field strength at 65. 20656_ P-80 Master resets Alpha 7, system corruption cleaned. Map ----- +----------------------------------------------------+ | ?????????????????????????????????????????????????? | | ?????????????????????????????????????????????????? | | ?????????????????????????????????????????????????? | | ?????????????????????????????????????????????????? | | ?????????????????????????????????????????????????? | | ?????????????????????????????????????????????????? | | ?????????????????????????????????????????????????? | | ?????????????????????????????????????????????????? | | ?????????????????????????????????????????????????? | | ?????????????????????????????????????????????????? | | ?????????????????????????????????????????????????? | | ???????????????????????????? ????????????????????? | | ?????????????????? ??????? ????????????????????? | | ?????????????????# ??????? ????????????????????? | | ?????????????????# ?????? ????????????????????? | | ?????????????????? """""" ?????????????????????? | | ?????????????????# ?????????????????????? | | ?????????????????#BB h ?????????????????????? | | ?????????????????#BB BB ?????????????????????? | | ??????????????????#;# BB#?????????????????????? | | ???????????????????; h ?????????????????????? | | ???????????????????## ##????????????????????? | | ???????????????????# E ?????????????????????? | | ???????????????????## E ##????????????????????? | | ???????????????????# E E #????????????????????? | | ???????????????????## @K##????????????????????? | | ???????????????????# c #????????????????????? | | ???????????????????##^^ K% ##????????????????????? | | ????????????????????# % c#?????????????????????? | | ???????????????????###/7/c##?????##??????????????? | | ???????????????????# ; 7#????# #??????????????? | | ????????? ########### ####"" ### +?????????? | | ???????? #?????????? | | ???????? p #?????????? | | ???????? p #?????????? | | ???????? % !/= #?????????? | | ??????????###### !/ #?????????? | | ???????????????# = !/ #?????????? | | ???????????????# =%s " " #?????????? | | ??????#+######## s """" #?????????? | | ????### #" "" ??????????? | | ????#"" ! #" ###### ??????????? | | ????#"" #" #?????????????????? | | ????#"" #T =! #?????????????????? | | ????#T ""#" ]%]"" +?????????????????? | | ????#"" ! ""#" / %%="""" #?????????????????? | | ?????"" T"#" %!%!="""" #?????????????????? | | ??????" ""## !*= "" #?????????????????? | | ??????# ""## !*!! #?????????????????? | | ####??# ##!**!! #####?????????????? | +----------------------------------------------------+ Best States ------------- Heat Dissipation 105 Coolant Potential 120 Energy Generation 81 Energy Capacity 1610 Matter Stores 772 Matter Capacity 1050 Sight Range 24 Robot Scan Range 18 Terrain Scan Density 10 Jamming Range 16 Cloak Strength 6 Armor Coverage 375 Resistance: EX 75 Resistance: EM 15 Propulsion Shielding 66 Point Defense Rating 480 Evasion (%) 72 Targeting Accuracy 24 Core Analysis 12 Recoil Reduction 3 Offensive Hacking 14 Defensive Hacking 12 Item Schematics ----------------- Exp. Biometal Leg | -2/Protoforge | Archive Shock Maul | -2/Protoforge | Archive Prc. Energy Filter | -2/Protoforge | Archive Coolant Network | -2/Protoforge | Archive Diametric Drive | -2/Protoforge | Archive Hellfire Missile Launcher | -2/Protoforge | Archive Electron Diverter | -2/Protoforge | Archive Tesla Bomb Launcher | -2/Protoforge | Archive Robot Schematics ------------------ K-01 Serf | -2/Protoforge | Archive C-65 Expert | -2/Protoforge | Archive R-10 Processor | -2/Protoforge | Archive T-07 Excavator | -2/Protoforge | Archive Fabricated ------------ Cmb. Linear Gravjet | x2 | -2/Protoforge | Preloaded Repaired ---------- Assault Rifle | 99% | -9/Materials | Broken Assault Rifle | 28% | -9/Materials Lgt. Nuclear Core | 36% | -9/Storage Alien Tech Used ----------------- Integrated Dissipator Sigix Broadsword Core Reset Matrix Subatomic Replicator Terrabomb Dimensional Node Initializer Supercharged TR Achievements -------------- Sniper Challenges ------------ None Game ------ Seed ProtonShockExtractor Manual? 0 Play Time 06:47:30 Cumulative 219.1 hours Start 2025.06.20 @ 03:04:54 End 2025.06.22 @ 14:58:28 Sessions 9 Manual Loads 0 Difficulty Rogue Special Mode None Game No. 97 Rogue 97 Adventurer 0 Explorer 0 Win Type - Total 12 Types 1/0/7/0/0/1/2/0/0/1 Lore% 68 Gallery% 66 Achievement% 67 Wizard Run 0 Options --------- Layout 1 ASCII 0 Keyboard 0 Movement Arrows Keybinds 0 Fullscreen 2 Font 24/Terminus Map View 50x35 Zoom Use 0% Tactical HUD 1 Map Filters NONE Filters NONE Steam 1 RUN: fcde142b-797b-4973-9fba-42799fd8f975